Workbook
Name creditor_table: Calculator!$B$7:$F$22
Name snowball: Calculator!$H$30
Name strategy: Calculator!$G$30
Name valuevx: 42.314159

Sheet Calculator
A1: Debt Reduction Calculator (Exclusive)
A2: https://www.vertex42.com/Calculators/debt-reduction-calculator.html | H2: ="© 2007-" & YEAR(TODAY()) & " Vertex42 LLC " -> © 2007-2026 Vertex42 LLC | K2: Instructions
K3: See the Help worksheet
C4: Balance Date: | D4: 46235
B6: Creditor Information Table
A7: Row | B7: Creditor | C7: Start Debt | D7: Current Balance | E7: Rate | F7: Payment | G7: Custom Order | H7: Interest Only
A8: 1 | B8: Card #1 | C8: 2000 | D8: 1500 | E8: 0.13 | F8: 50 | G8: 1 | H8: =ROUNDUP(OFFSET($D$7,ROW()-ROW($D$7),0,1,1)*OFFSET($E$7,ROW()-ROW($E$7),0,1,1)/12,2) -> 16.25 | K8: About This Instagram Exclusive Version
A9: =OFFSET(A9,-1,0,1,1)+1 -> 2 | B9: Auto Loan | C9: 5000 | D9: 3200 | E9: 0.0981 | F9: 225 | G9: 3 | H9: =ROUNDUP(OFFSET($D$7,ROW()-ROW($D$7),0,1,1)*OFFSET($E$7,ROW()-ROW($E$7),0,1,1)/12,2) -> 26.16 | K9: This version of the Debt Reduction Calculator
A10: =OFFSET(A10,-1,0,1,1)+1 -> 3 | B10: Card #2 | C10: 4000 | D10: 2500 | E10: 0.12 | F10: 50 | G10: 2 | H10: =ROUNDUP(OFFSET($D$7,ROW()-ROW($D$7),0,1,1)*OFFSET($E$7,ROW()-ROW($E$7),0,1,1)/12,2) -> 25 | K10: was created for followers of @vertex42 on Instagram
A11: =OFFSET(A11,-1,0,1,1)+1 -> 4 | B11: Card #3 | C11: 10000 | D11: 7542 | E11: 0.135 | F11: 150 | G11: 4 | H11: =ROUNDUP(OFFSET($D$7,ROW()-ROW($D$7),0,1,1)*OFFSET($E$7,ROW()-ROW($E$7),0,1,1)/12,2) -> 84.85 | K11: and contains some unique features. If you need more
A12: =OFFSET(A12,-1,0,1,1)+1 -> 5 | B12: Student Loan #1 | C12: 20000 | D12: 15790 | E12: 0.04 | F12: 125 | G12: 5 | H12: =ROUNDUP(OFFSET($D$7,ROW()-ROW($D$7),0,1,1)*OFFSET($E$7,ROW()-ROW($E$7),0,1,1)/12,2) -> 52.64 | K12: than 15 debts to be listed, you can purchase the
A13: =OFFSET(A13,-1,0,1,1)+1 -> 6 | H13: =ROUNDUP(OFFSET($D$7,ROW()-ROW($D$7),0,1,1)*OFFSET($E$7,ROW()-ROW($E$7),0,1,1)/12,2) -> 0 | K13: original Extended version, but the Extended version
A14: =OFFSET(A14,-1,0,1,1)+1 -> 7 | H14: =ROUNDUP(OFFSET($D$7,ROW()-ROW($D$7),0,1,1)*OFFSET($E$7,ROW()-ROW($E$7),0,1,1)/12,2) -> 0 | K14: does not have all the features of this spreadsheet.
A15: =OFFSET(A15,-1,0,1,1)+1 -> 8 | H15: =ROUNDUP(OFFSET($D$7,ROW()-ROW($D$7),0,1,1)*OFFSET($E$7,ROW()-ROW($E$7),0,1,1)/12,2) -> 0
A16: =OFFSET(A16,-1,0,1,1)+1 -> 9 | H16: =ROUNDUP(OFFSET($D$7,ROW()-ROW($D$7),0,1,1)*OFFSET($E$7,ROW()-ROW($E$7),0,1,1)/12,2) -> 0
A17: =OFFSET(A17,-1,0,1,1)+1 -> 10 | H17: =ROUNDUP(OFFSET($D$7,ROW()-ROW($D$7),0,1,1)*OFFSET($E$7,ROW()-ROW($E$7),0,1,1)/12,2) -> 0 | K17: Follow @vertex42 on Instagram
A18: =OFFSET(A18,-1,0,1,1)+1 -> 11 | H18: =ROUNDUP(OFFSET($D$7,ROW()-ROW($D$7),0,1,1)*OFFSET($E$7,ROW()-ROW($E$7),0,1,1)/12,2) -> 0
A19: =OFFSET(A19,-1,0,1,1)+1 -> 12 | H19: =ROUNDUP(OFFSET($D$7,ROW()-ROW($D$7),0,1,1)*OFFSET($E$7,ROW()-ROW($E$7),0,1,1)/12,2) -> 0
A20: =OFFSET(A20,-1,0,1,1)+1 -> 13 | H20: =ROUNDUP(OFFSET($D$7,ROW()-ROW($D$7),0,1,1)*OFFSET($E$7,ROW()-ROW($E$7),0,1,1)/12,2) -> 0
A21: =OFFSET(A21,-1,0,1,1)+1 -> 14 | H21: =ROUNDUP(OFFSET($D$7,ROW()-ROW($D$7),0,1,1)*OFFSET($E$7,ROW()-ROW($E$7),0,1,1)/12,2) -> 0
A22: =OFFSET(A22,-1,0,1,1)+1 -> 15 | H22: =ROUNDUP(OFFSET($D$7,ROW()-ROW($D$7),0,1,1)*OFFSET($E$7,ROW()-ROW($E$7),0,1,1)/12,2) -> 0 | K22: See the New Chart Worksheets
B23: Total: | C23: =SUM(C8:C22) -> 41000 | D23: =SUM(D8:D22) -> 30532 | F23: =SUM(F8:F22) -> 600
E25: Monthly Payment: | F25: 1000 | G25: =IF(NOT(snowball),"Not Applicable (No Snowball)",IF(F25<=F23,"Too Low"," . ")) -> .
E26: Initial Snowball: | F26: =IF(NOT(snowball),"n/a",F25-F23) -> 400 | G26: =IF(F26<0,"Need to Increase Monthly Payment","")
B28: Strategy: | C28: Snowball (Lowest Balance First) | G28: ← Choose a strategy
B30: Debt Payment Schedule Results | G30: =MATCH(C28,K33:K38,0) -> 1 | H30: =IF(strategy=4,FALSE,TRUE) -> TRUE
B31: Creditors in Strategy Order | C31: Start Debt | D31: Current Balance | E31: Interest Paid | F31: Years to Pay Off | G31: Month Paid Off
B32: {=TRANSPOSE(Schedule!E8:S8)} -> Card #1 | C32: {=TRANSPOSE(Schedule!E9:S9)} -> 2000 | D32: {=TRANSPOSE(Schedule!E10:S10)} -> 1500 | E32: {=TRANSPOSE(Schedule!E15:S15)} -> 36.6 | F32: {=TRANSPOSE(Schedule!E13:S13)/12} -> 0.33333333 | G32: {=TRANSPOSE(Schedule!E14:S14)} -> 46357 | H32: {=TRANSPOSE(Schedule!E16:S16)} -> . | K32: Strategies
B33: Card #2 | C33: 4000 | D33: 2500 | E33: 156.9 | F33: 0.75 | G33: 46508 | H33: . | K33: Snowball (Lowest Balance First)
B34: Auto Loan | C34: 5000 | D34: 3200 | E34: 187.02 | F34: 0.91666667 | G34: 46569 | H34: . | K34: Avalanche (Highest Interest First)
B35: Card #3 | C35: 10000 | D35: 7542 | E35: 1207.89 | F35: 1.5833333 | G35: 46813 | H35: . | K35: Order Entered In Table
B36: Student Loan #1 | C36: 20000 | D36: 15790 | E36: 1323.46 | F36: 2.8333333 | G36: 47270 | H36: . | K36: No Snowball
C37: 0 | D37: 0 | E37: 0 | F37: 0 | H37: . | K37: Custom - Highest First
C38: 0 | D38: 0 | E38: 0 | F38: 0 | H38: . | K38: Custom - Lowest First
C39: 0 | D39: 0 | E39: 0 | F39: 0 | H39: .
C40: 0 | D40: 0 | E40: 0 | F40: 0 | H40: .
C41: 0 | D41: 0 | E41: 0 | F41: 0 | H41: .
C42: 0 | D42: 0 | E42: 0 | F42: 0 | H42: .
C43: 0 | D43: 0 | E43: 0 | F43: 0 | H43: .
C44: 0 | D44: 0 | E44: 0 | F44: 0 | H44: .
C45: 0 | D45: 0 | E45: 0 | F45: 0 | H45: .
C46: 0 | D46: 0 | E46: 0 | F46: 0 | H46: .
D47: Total Interest Paid: | E47: =Schedule!E6 -> 2911.87 | F47: Debt Free: | G47: =MAX(G32:G46) -> 47270
E48: Results are only estimates
A50: [42]

Sheet Schedule
A1: Debt Snowball Payment Schedule
A2: Results are only estimates. Edit only the yellow cells. | S2: © 2007-2026 Vertex42.com
S3: https://www.vertex42.com/Calculators/debt-reduction-calculator.html
D4: Strategy: | E4: {=INDEX(Calculator!K33:K38,strategy)} -> Snowball (Lowest Balance First)
D5: Monthly Payment: | E5: =IF(NOT(snowball),"Variable",Calculator!F25) -> 1000
D6: Total Interest: | E6: =SUM(E15:S15) -> 2911.87
D8: Creditor: | E8: {=IF(ISERROR(Order!B66),"",IF(ISBLANK(INDEX(Calculator!$B$8:$B$22,Order!B66))," - ",INDEX(Calculator!$B$8:$B$22,Order!B66)))} -> Card #1 | F8: {=IF(ISERROR(Order!C66),"",IF(ISBLANK(INDEX(Calculator!$B$8:$B$22,Order!C66))," - ",INDEX(Calculator!$B$8:$B$22,Order!C66)))} -> Card #2 | G8: {=IF(ISERROR(Order!D66),"",IF(ISBLANK(INDEX(Calculator!$B$8:$B$22,Order!D66))," - ",INDEX(Calculator!$B$8:$B$22,Order!D66)))} -> Auto Loan | H8: {=IF(ISERROR(Order!E66),"",IF(ISBLANK(INDEX(Calculator!$B$8:$B$22,Order!E66))," - ",INDEX(Calculator!$B$8:$B$22,Order!E66)))} -> Card #3 | I8: {=IF(ISERROR(Order!F66),"",IF(ISBLANK(INDEX(Calculator!$B$8:$B$22,Order!F66))," - ",INDEX(Calculator!$B$8:$B$22,Order!F66)))} -> Student Loan #1 | J8: {=IF(ISERROR(Order!G66),"",IF(ISBLANK(INDEX(Calculator!$B$8:$B$22,Order!G66))," - ",INDEX(Calculator!$B$8:$B$22,Order!G66)))} | K8: {=IF(ISERROR(Order!H66),"",IF(ISBLANK(INDEX(Calculator!$B$8:$B$22,Order!H66))," - ",INDEX(Calculator!$B$8:$B$22,Order!H66)))} | L8: {=IF(ISERROR(Order!I66),"",IF(ISBLANK(INDEX(Calculator!$B$8:$B$22,Order!I66))," - ",INDEX(Calculator!$B$8:$B$22,Order!I66)))} | ... S8: {=IF(ISERROR(Order!P66),"",IF(ISBLANK(INDEX(Calculator!$B$8:$B$22,Order!P66))," - ",INDEX(Calculator!$B$8:$B$22,Order!P66)))}
D9: Start Debt: | E9: {=IF(ISERROR(Order!B66),0,INDEX(Calculator!$C$8:$C$22,Order!B66))} -> 2000 | F9: {=IF(ISERROR(Order!C66),0,INDEX(Calculator!$C$8:$C$22,Order!C66))} -> 4000 | G9: {=IF(ISERROR(Order!D66),0,INDEX(Calculator!$C$8:$C$22,Order!D66))} -> 5000 | H9: {=IF(ISERROR(Order!E66),0,INDEX(Calculator!$C$8:$C$22,Order!E66))} -> 10000 | I9: {=IF(ISERROR(Order!F66),0,INDEX(Calculator!$C$8:$C$22,Order!F66))} -> 20000 | J9: {=IF(ISERROR(Order!G66),0,INDEX(Calculator!$C$8:$C$22,Order!G66))} -> 0 | K9: {=IF(ISERROR(Order!H66),0,INDEX(Calculator!$C$8:$C$22,Order!H66))} -> 0 | L9: {=IF(ISERROR(Order!I66),0,INDEX(Calculator!$C$8:$C$22,Order!I66))} -> 0 | ... S9: {=IF(ISERROR(Order!P66),0,INDEX(Calculator!$C$8:$C$22,Order!P66))} -> 0
D10: Balance: | E10: {=IF(ISERROR(Order!B66),0,INDEX(Calculator!$D$8:$D$22,Order!B66))} -> 1500 | F10: {=IF(ISERROR(Order!C66),0,INDEX(Calculator!$D$8:$D$22,Order!C66))} -> 2500 | G10: {=IF(ISERROR(Order!D66),0,INDEX(Calculator!$D$8:$D$22,Order!D66))} -> 3200 | H10: {=IF(ISERROR(Order!E66),0,INDEX(Calculator!$D$8:$D$22,Order!E66))} -> 7542 | I10: {=IF(ISERROR(Order!F66),0,INDEX(Calculator!$D$8:$D$22,Order!F66))} -> 15790 | J10: {=IF(ISERROR(Order!G66),0,INDEX(Calculator!$D$8:$D$22,Order!G66))} -> 0 | K10: {=IF(ISERROR(Order!H66),0,INDEX(Calculator!$D$8:$D$22,Order!H66))} -> 0 | L10: {=IF(ISERROR(Order!I66),0,INDEX(Calculator!$D$8:$D$22,Order!I66))} -> 0 | ... S10: {=IF(ISERROR(Order!P66),0,INDEX(Calculator!$D$8:$D$22,Order!P66))} -> 0
D11: Rate: | E11: {=IF(ISERROR(Order!B66),0,INDEX(Calculator!$E$8:$E$22,Order!B66))} -> 0.13 | F11: {=IF(ISERROR(Order!C66),0,INDEX(Calculator!$E$8:$E$22,Order!C66))} -> 0.12 | G11: {=IF(ISERROR(Order!D66),0,INDEX(Calculator!$E$8:$E$22,Order!D66))} -> 0.0981 | H11: {=IF(ISERROR(Order!E66),0,INDEX(Calculator!$E$8:$E$22,Order!E66))} -> 0.135 | I11: {=IF(ISERROR(Order!F66),0,INDEX(Calculator!$E$8:$E$22,Order!F66))} -> 0.04 | J11: {=IF(ISERROR(Order!G66),0,INDEX(Calculator!$E$8:$E$22,Order!G66))} -> 0 | K11: {=IF(ISERROR(Order!H66),0,INDEX(Calculator!$E$8:$E$22,Order!H66))} -> 0 | L11: {=IF(ISERROR(Order!I66),0,INDEX(Calculator!$E$8:$E$22,Order!I66))} -> 0 | ... S11: {=IF(ISERROR(Order!P66),0,INDEX(Calculator!$E$8:$E$22,Order!P66))} -> 0
D12: Base Payment: | E12: {=IF(ISERROR(Order!B66),0,INDEX(Calculator!$F$8:$F$22,Order!B66))} -> 50 | F12: {=IF(ISERROR(Order!C66),0,INDEX(Calculator!$F$8:$F$22,Order!C66))} -> 50 | G12: {=IF(ISERROR(Order!D66),0,INDEX(Calculator!$F$8:$F$22,Order!D66))} -> 225 | H12: {=IF(ISERROR(Order!E66),0,INDEX(Calculator!$F$8:$F$22,Order!E66))} -> 150 | I12: {=IF(ISERROR(Order!F66),0,INDEX(Calculator!$F$8:$F$22,Order!F66))} -> 125 | J12: {=IF(ISERROR(Order!G66),0,INDEX(Calculator!$F$8:$F$22,Order!G66))} -> 0 | K12: {=IF(ISERROR(Order!H66),0,INDEX(Calculator!$F$8:$F$22,Order!H66))} -> 0 | L12: {=IF(ISERROR(Order!I66),0,INDEX(Calculator!$F$8:$F$22,Order!I66))} -> 0 | ... S12: {=IF(ISERROR(Order!P66),0,INDEX(Calculator!$F$8:$F$22,Order!P66))} -> 0
D13: Months to Pay Off: | E13: {=IF(E10>0,1+MAX((ROW(E21:E525)-ROW(E$21))*(E21:E525>0)),0)} -> 4 | F13: {=IF(F10>0,1+MAX((ROW(F21:F525)-ROW(F$21))*(F21:F525>0)),0)} -> 9 | G13: {=IF(G10>0,1+MAX((ROW(G21:G525)-ROW(G$21))*(G21:G525>0)),0)} -> 11 | H13: {=IF(H10>0,1+MAX((ROW(H21:H525)-ROW(H$21))*(H21:H525>0)),0)} -> 19 | I13: {=IF(I10>0,1+MAX((ROW(I21:I525)-ROW(I$21))*(I21:I525>0)),0)} -> 34 | J13: {=IF(J10>0,1+MAX((ROW(J21:J525)-ROW(J$21))*(J21:J525>0)),0)} -> 0 | K13: {=IF(K10>0,1+MAX((ROW(K21:K525)-ROW(K$21))*(K21:K525>0)),0)} -> 0 | L13: {=IF(L10>0,1+MAX((ROW(L21:L525)-ROW(L$21))*(L21:L525>0)),0)} -> 0 | ... S13: {=IF(S10>0,1+MAX((ROW(S21:S525)-ROW(S$21))*(S21:S525>0)),0)} -> 0
D14: Month Paid Off: | E14: {=IF(E10>0,INDEX($B$21:$B$525,E13),"")} -> 46357 | F14: {=IF(F10>0,INDEX($B$21:$B$525,F13),"")} -> 46508 | G14: {=IF(G10>0,INDEX($B$21:$B$525,G13),"")} -> 46569 | H14: {=IF(H10>0,INDEX($B$21:$B$525,H13),"")} -> 46813 | I14: {=IF(I10>0,INDEX($B$21:$B$525,I13),"")} -> 47270 | J14: {=IF(J10>0,INDEX($B$21:$B$525,J13),"")} | K14: {=IF(K10>0,INDEX($B$21:$B$525,K13),"")} | L14: {=IF(L10>0,INDEX($B$21:$B$525,L13),"")} | ... S14: {=IF(S10>0,INDEX($B$21:$B$525,S13),"")}
D15: Total Interest: | E15: =IF(E380=0,SUM(AL21:AL380),NA()) -> 36.6 | F15: =IF(F380=0,SUM(AM21:AM380),NA()) -> 156.9 | G15: =IF(G380=0,SUM(AN21:AN380),NA()) -> 187.02 | H15: =IF(H380=0,SUM(AO21:AO380),NA()) -> 1207.89 | I15: =IF(I380=0,SUM(AP21:AP380),NA()) -> 1323.46 | J15: =IF(J380=0,SUM(AQ21:AQ380),NA()) -> 0 | K15: =IF(K380=0,SUM(AR21:AR380),NA()) -> 0 | L15: =IF(L380=0,SUM(AS21:AS380),NA()) -> 0 | ... S15: =IF(S380=0,SUM(AZ21:AZ380),NA()) -> 0
D16: Error Code: | E16: =IF(E380>0,">"&$A$380&" Payments"," . ") -> . | F16: =IF(F380>0,">"&$A$380&" Payments"," . ") -> . | G16: =IF(G380>0,">"&$A$380&" Payments"," . ") -> . | H16: =IF(H380>0,">"&$A$380&" Payments"," . ") -> . | I16: =IF(I380>0,">"&$A$380&" Payments"," . ") -> . | J16: =IF(J380>0,">"&$A$380&" Payments"," . ") -> . | K16: =IF(K380>0,">"&$A$380&" Payments"," . ") -> . | L16: =IF(L380>0,">"&$A$380&" Payments"," . ") -> . | ... S16: =IF(S380>0,">"&$A$380&" Payments"," . ") -> .
E18: Monthly Payments | V18: Balance AFTER Payment | AL18: Interest | BC18: Payment Before Snowball | BT18: Extra Payment
A19: No. | B19: Month | C19: Snowball | D19: Additional | E19: =E8 -> Card #1 | F19: =F8 -> Card #2 | G19: =G8 -> Auto Loan | H19: =H8 -> Card #3 | I19: =I8 -> Student Loan #1 | J19: =J8 | K19: =K8 | L19: =L8 | ... S19: =S8 | U19: END BALANCE | V19: =E19 -> Card #1 | W19: =F19 -> Card #2 | X19: =G19 -> Auto Loan | Y19: =H19 -> Card #3 | Z19: =I19 -> Student Loan #1 | AA19: =J19 | AB19: =K19 | AC19: =L19 | ... AJ19: =S19 | AL19: =E19 -> Card #1 | AM19: =F19 -> Card #2 | AN19: =G19 -> Auto Loan | AO19: =H19 -> Card #3 | AP19: =I19 -> Student Loan #1 | AQ19: =J19 | AR19: =K19 | AS19: =L19 | ... AZ19: =S19 | BA19: Interest Due | BC19: =E19 -> Card #1 | BD19: =F19 -> Card #2 | BE19: =G19 -> Auto Loan | BF19: =H19 -> Card #3 | BG19: =I19 -> Student Loan #1 | BH19: =J19 | BI19: =K19 | BJ19: =L19 | ... BQ19: =S19 | BR19: TOTAL | BT19: =E8 -> Card #1 | BU19: =F8 -> Card #2 | BV19: =G8 -> Auto Loan | BW19: =H8 -> Card #3 | BX19: =I8 -> Student Loan #1 | BY19: =J8 | BZ19: =K8 | CA19: =L8 | ... CH19: =S8
B20: =Calculator!D4 -> 46235 | U20: =SUM(V20:AJ20) -> 30532 | V20: =E10 -> 1500 | W20: =F10 -> 2500 | X20: =G10 -> 3200 | Y20: =H10 -> 7542 | Z20: =I10 -> 15790 | AA20: =J10 -> 0 | AB20: =K10 -> 0 | AC20: =L10 -> 0 | ... AJ20: =S10 -> 0
A21: =IF(SUM(V20:AJ20)<=0,"",A20+1) -> 1 | B21: =IF(A21="",NA(),DATE(YEAR(B20),MONTH(B20)+1,1)) -> 46266 | C21: =IF(A21="","",IF(snowball,IF(($E$5-BR21)<0,0,$E$5-BR21),0)+D21) -> 400 | E21: =BC21+BT21 -> 450 | F21: =BD21+BU21 -> 50 | G21: =BE21+BV21 -> 225 | H21: =BF21+BW21 -> 150 | I21: =BG21+BX21 -> 125 | J21: =BH21+BY21 -> 0 | K21: =BI21+BZ21 -> 0 | L21: =BJ21+CA21 -> 0 | ... S21: =BQ21+CH21 -> 0 | U21: =SUM(V21:AJ21) -> 29736.89 | V21: =IF(E$10=0,0,ROUND(V20-(E21-AL21),2)) -> 1066.25 | W21: =IF(F$10=0,0,ROUND(W20-(F21-AM21),2)) -> 2475 | X21: =IF(G$10=0,0,ROUND(X20-(G21-AN21),2)) -> 3001.16 | Y21: =IF(H$10=0,0,ROUND(Y20-(H21-AO21),2)) -> 7476.85 | Z21: =IF(I$10=0,0,ROUND(Z20-(I21-AP21),2)) -> 15717.63 | AA21: =IF(J$10=0,0,ROUND(AA20-(J21-AQ21),2)) -> 0 | AB21: =IF(K$10=0,0,ROUND(AB20-(K21-AR21),2)) -> 0 | AC21: =IF(L$10=0,0,ROUND(AC20-(L21-AS21),2)) -> 0 | ... AJ21: =IF(S$10=0,0,ROUND(AJ20-(S21-AZ21),2)) -> 0 | AL21: =ROUND(V20*E$11/12,2) -> 16.25 | AM21: =ROUND(W20*F$11/12,2) -> 25 | AN21: =ROUND(X20*G$11/12,2) -> 26.16 | AO21: =ROUND(Y20*H$11/12,2) -> 84.85 | AP21: =ROUND(Z20*I$11/12,2) -> 52.63 | AQ21: =ROUND(AA20*J$11/12,2) -> 0 | AR21: =ROUND(AB20*K$11/12,2) -> 0 | AS21: =ROUND(AC20*L$11/12,2) -> 0 | ... AZ21: =ROUND(AJ20*S$11/12,2) -> 0 | BA21: =SUM(AL21:AZ21) -> 204.89 | BC21: =IF(V20>0,IF((V20+AL21)<E$12,V20+AL21,E$12),0) -> 50 | BD21: =IF(W20>0,IF((W20+AM21)<F$12,W20+AM21,F$12),0) -> 50 | BE21: =IF(X20>0,IF((X20+AN21)<G$12,X20+AN21,G$12),0) -> 225 | BF21: =IF(Y20>0,IF((Y20+AO21)<H$12,Y20+AO21,H$12),0) -> 150 | BG21: =IF(Z20>0,IF((Z20+AP21)<I$12,Z20+AP21,I$12),0) -> 125 | BH21: =IF(AA20>0,IF((AA20+AQ21)<J$12,AA20+AQ21,J$12),0) -> 0 | BI21: =IF(AB20>0,IF((AB20+AR21)<K$12,AB20+AR21,K$12),0) -> 0 | BJ21: =IF(AC20>0,IF((AC20+AS21)<L$12,AC20+AS21,L$12),0) -> 0 | ... BQ21: =IF(AJ20>0,IF((AJ20+AZ21)<S$12,AJ20+AZ21,S$12),0) -> 0 | BR21: =SUM(BC21:BQ21) -> 600 | BT21: =IF(V20<=0,0,IF(BC21+$C21>V20+AL21,V20+AL21-BC21,$C21)) -> 400 | BU21: =IF(W20<=0,0,IF($C21<=SUM($BT21:BT21),0,IF(BD21+$C21-SUM($BT21:BT21)>W20+AM21,W20+AM21-BD21,$C21-SUM($BT21:BT21)))) -> 0 | BV21: =IF(X20<=0,0,IF($C21<=SUM($BT21:BU21),0,IF(BE21+$C21-SUM($BT21:BU21)>X20+AN21,X20+AN21-BE21,$C21-SUM($BT21:BU21)))) -> 0 | BW21: =IF(Y20<=0,0,IF($C21<=SUM($BT21:BV21),0,IF(BF21+$C21-SUM($BT21:BV21)>Y20+AO21,Y20+AO21-BF21,$C21-SUM($BT21:BV21)))) -> 0 | BX21: =IF(Z20<=0,0,IF($C21<=SUM($BT21:BW21),0,IF(BG21+$C21-SUM($BT21:BW21)>Z20+AP21,Z20+AP21-BG21,$C21-SUM($BT21:BW21)))) -> 0 | BY21: =IF(AA20<=0,0,IF($C21<=SUM($BT21:BX21),0,IF(BH21+$C21-SUM($BT21:BX21)>AA20+AQ21,AA20+AQ21-BH21,$C21-SUM($BT21:BX21)))) -> 0 | BZ21: =IF(AB20<=0,0,IF($C21<=SUM($BT21:BY21),0,IF(BI21+$C21-SUM($BT21:BY21)>AB20+AR21,AB20+AR21-BI21,$C21-SUM($BT21:BY21)))) -> 0 | CA21: =IF(AC20<=0,0,IF($C21<=SUM($BT21:BZ21),0,IF(BJ21+$C21-SUM($BT21:BZ21)>AC20+AS21,AC20+AS21-BJ21,$C21-SUM($BT21:BZ21)))) -> 0 | CB21: =IF(AD20<=0,0,IF($C21<=SUM($BT21:CA21),0,IF(BK21+$C21-SUM($BT21:CA21)>AD20+AT21,AD20+AT21-BK21,$C21-SUM($BT21:CA21)))) -> 0 | ... CH21: =IF(AJ20<=0,0,IF($C21<=SUM($BT21:CG21),0,IF(BQ21+$C21-SUM($BT21:CG21)>AJ20+AZ21,AJ20+AZ21-BQ21,$C21-SUM($BT21:CG21)))) -> 0
A22: =IF(SUM(V21:AJ21)<=0,"",A21+1) -> 2 | B22: =IF(A22="",NA(),DATE(YEAR(B21),MONTH(B21)+1,1)) -> 46296 | C22: =IF(A22="","",IF(snowball,IF(($E$5-BR22)<0,0,$E$5-BR22),0)+D22) -> 400 | E22: =BC22+BT22 -> 450 | F22: =BD22+BU22 -> 50 | G22: =BE22+BV22 -> 225 | H22: =BF22+BW22 -> 150 | I22: =BG22+BX22 -> 125 | J22: =BH22+BY22 -> 0 | K22: =BI22+BZ22 -> 0 | L22: =BJ22+CA22 -> 0 | ... S22: =BQ22+CH22 -> 0 | U22: =SUM(V22:AJ22) -> 28934.22 | V22: =IF(E$10=0,0,ROUND(V21-(E22-AL22),2)) -> 627.8 | W22: =IF(F$10=0,0,ROUND(W21-(F22-AM22),2)) -> 2449.75 | X22: =IF(G$10=0,0,ROUND(X21-(G22-AN22),2)) -> 2800.69 | Y22: =IF(H$10=0,0,ROUND(Y21-(H22-AO22),2)) -> 7410.96 | Z22: =IF(I$10=0,0,ROUND(Z21-(I22-AP22),2)) -> 15645.02 | AA22: =IF(J$10=0,0,ROUND(AA21-(J22-AQ22),2)) -> 0 | AB22: =IF(K$10=0,0,ROUND(AB21-(K22-AR22),2)) -> 0 | AC22: =IF(L$10=0,0,ROUND(AC21-(L22-AS22),2)) -> 0 | ... AJ22: =IF(S$10=0,0,ROUND(AJ21-(S22-AZ22),2)) -> 0 | AL22: =ROUND(V21*E$11/12,2) -> 11.55 | AM22: =ROUND(W21*F$11/12,2) -> 24.75 | AN22: =ROUND(X21*G$11/12,2) -> 24.53 | AO22: =ROUND(Y21*H$11/12,2) -> 84.11 | AP22: =ROUND(Z21*I$11/12,2) -> 52.39 | AQ22: =ROUND(AA21*J$11/12,2) -> 0 | AR22: =ROUND(AB21*K$11/12,2) -> 0 | AS22: =ROUND(AC21*L$11/12,2) -> 0 | ... AZ22: =ROUND(AJ21*S$11/12,2) -> 0 | BA22: =SUM(AL22:AZ22) -> 197.33 | BC22: =IF(V21>0,IF((V21+AL22)<E$12,V21+AL22,E$12),0) -> 50 | BD22: =IF(W21>0,IF((W21+AM22)<F$12,W21+AM22,F$12),0) -> 50 | BE22: =IF(X21>0,IF((X21+AN22)<G$12,X21+AN22,G$12),0) -> 225 | BF22: =IF(Y21>0,IF((Y21+AO22)<H$12,Y21+AO22,H$12),0) -> 150 | BG22: =IF(Z21>0,IF((Z21+AP22)<I$12,Z21+AP22,I$12),0) -> 125 | BH22: =IF(AA21>0,IF((AA21+AQ22)<J$12,AA21+AQ22,J$12),0) -> 0 | BI22: =IF(AB21>0,IF((AB21+AR22)<K$12,AB21+AR22,K$12),0) -> 0 | BJ22: =IF(AC21>0,IF((AC21+AS22)<L$12,AC21+AS22,L$12),0) -> 0 | ... BQ22: =IF(AJ21>0,IF((AJ21+AZ22)<S$12,AJ21+AZ22,S$12),0) -> 0 | BR22: =SUM(BC22:BQ22) -> 600 | BT22: =IF(V21<=0,0,IF(BC22+$C22>V21+AL22,V21+AL22-BC22,$C22)) -> 400 | BU22: =IF(W21<=0,0,IF($C22<=SUM($BT22:BT22),0,IF(BD22+$C22-SUM($BT22:BT22)>W21+AM22,W21+AM22-BD22,$C22-SUM($BT22:BT22)))) -> 0 | BV22: =IF(X21<=0,0,IF($C22<=SUM($BT22:BU22),0,IF(BE22+$C22-SUM($BT22:BU22)>X21+AN22,X21+AN22-BE22,$C22-SUM($BT22:BU22)))) -> 0 | BW22: =IF(Y21<=0,0,IF($C22<=SUM($BT22:BV22),0,IF(BF22+$C22-SUM($BT22:BV22)>Y21+AO22,Y21+AO22-BF22,$C22-SUM($BT22:BV22)))) -> 0 | BX22: =IF(Z21<=0,0,IF($C22<=SUM($BT22:BW22),0,IF(BG22+$C22-SUM($BT22:BW22)>Z21+AP22,Z21+AP22-BG22,$C22-SUM($BT22:BW22)))) -> 0 | BY22: =IF(AA21<=0,0,IF($C22<=SUM($BT22:BX22),0,IF(BH22+$C22-SUM($BT22:BX22)>AA21+AQ22,AA21+AQ22-BH22,$C22-SUM($BT22:BX22)))) -> 0 | BZ22: =IF(AB21<=0,0,IF($C22<=SUM($BT22:BY22),0,IF(BI22+$C22-SUM($BT22:BY22)>AB21+AR22,AB21+AR22-BI22,$C22-SUM($BT22:BY22)))) -> 0 | CA22: =IF(AC21<=0,0,IF($C22<=SUM($BT22:BZ22),0,IF(BJ22+$C22-SUM($BT22:BZ22)>AC21+AS22,AC21+AS22-BJ22,$C22-SUM($BT22:BZ22)))) -> 0 | CB22: =IF(AD21<=0,0,IF($C22<=SUM($BT22:CA22),0,IF(BK22+$C22-SUM($BT22:CA22)>AD21+AT22,AD21+AT22-BK22,$C22-SUM($BT22:CA22)))) -> 0 | ... CH22: =IF(AJ21<=0,0,IF($C22<=SUM($BT22:CG22),0,IF(BQ22+$C22-SUM($BT22:CG22)>AJ21+AZ22,AJ21+AZ22-BQ22,$C22-SUM($BT22:CG22)))) -> 0
A23: =IF(SUM(V22:AJ22)<=0,"",A22+1) -> 3 | B23: =IF(A23="",NA(),DATE(YEAR(B22),MONTH(B22)+1,1)) -> 46327 | C23: =IF(A23="","",IF(snowball,IF(($E$5-BR23)<0,0,$E$5-BR23),0)+D23) -> 400 | E23: =BC23+BT23 -> 450 | F23: =BD23+BU23 -> 50 | G23: =BE23+BV23 -> 225 | H23: =BF23+BW23 -> 150 | I23: =BG23+BX23 -> 125 | J23: =BH23+BY23 -> 0 | K23: =BI23+BZ23 -> 0 | L23: =BJ23+CA23 -> 0 | ... S23: =BQ23+CH23 -> 0 | U23: =SUM(V23:AJ23) -> 28123.94 | V23: =IF(E$10=0,0,ROUND(V22-(E23-AL23),2)) -> 184.6 | W23: =IF(F$10=0,0,ROUND(W22-(F23-AM23),2)) -> 2424.25 | X23: =IF(G$10=0,0,ROUND(X22-(G23-AN23),2)) -> 2598.59 | Y23: =IF(H$10=0,0,ROUND(Y22-(H23-AO23),2)) -> 7344.33 | Z23: =IF(I$10=0,0,ROUND(Z22-(I23-AP23),2)) -> 15572.17 | AA23: =IF(J$10=0,0,ROUND(AA22-(J23-AQ23),2)) -> 0 | AB23: =IF(K$10=0,0,ROUND(AB22-(K23-AR23),2)) -> 0 | AC23: =IF(L$10=0,0,ROUND(AC22-(L23-AS23),2)) -> 0 | ... AJ23: =IF(S$10=0,0,ROUND(AJ22-(S23-AZ23),2)) -> 0 | AL23: =ROUND(V22*E$11/12,2) -> 6.8 | AM23: =ROUND(W22*F$11/12,2) -> 24.5 | AN23: =ROUND(X22*G$11/12,2) -> 22.9 | AO23: =ROUND(Y22*H$11/12,2) -> 83.37 | AP23: =ROUND(Z22*I$11/12,2) -> 52.15 | AQ23: =ROUND(AA22*J$11/12,2) -> 0 | AR23: =ROUND(AB22*K$11/12,2) -> 0 | AS23: =ROUND(AC22*L$11/12,2) -> 0 | ... AZ23: =ROUND(AJ22*S$11/12,2) -> 0 | BA23: =SUM(AL23:AZ23) -> 189.72 | BC23: =IF(V22>0,IF((V22+AL23)<E$12,V22+AL23,E$12),0) -> 50 | BD23: =IF(W22>0,IF((W22+AM23)<F$12,W22+AM23,F$12),0) -> 50 | BE23: =IF(X22>0,IF((X22+AN23)<G$12,X22+AN23,G$12),0) -> 225 | BF23: =IF(Y22>0,IF((Y22+AO23)<H$12,Y22+AO23,H$12),0) -> 150 | BG23: =IF(Z22>0,IF((Z22+AP23)<I$12,Z22+AP23,I$12),0) -> 125 | BH23: =IF(AA22>0,IF((AA22+AQ23)<J$12,AA22+AQ23,J$12),0) -> 0 | BI23: =IF(AB22>0,IF((AB22+AR23)<K$12,AB22+AR23,K$12),0) -> 0 | BJ23: =IF(AC22>0,IF((AC22+AS23)<L$12,AC22+AS23,L$12),0) -> 0 | ... BQ23: =IF(AJ22>0,IF((AJ22+AZ23)<S$12,AJ22+AZ23,S$12),0) -> 0 | BR23: =SUM(BC23:BQ23) -> 600 | BT23: =IF(V22<=0,0,IF(BC23+$C23>V22+AL23,V22+AL23-BC23,$C23)) -> 400 | BU23: =IF(W22<=0,0,IF($C23<=SUM($BT23:BT23),0,IF(BD23+$C23-SUM($BT23:BT23)>W22+AM23,W22+AM23-BD23,$C23-SUM($BT23:BT23)))) -> 0 | BV23: =IF(X22<=0,0,IF($C23<=SUM($BT23:BU23),0,IF(BE23+$C23-SUM($BT23:BU23)>X22+AN23,X22+AN23-BE23,$C23-SUM($BT23:BU23)))) -> 0 | BW23: =IF(Y22<=0,0,IF($C23<=SUM($BT23:BV23),0,IF(BF23+$C23-SUM($BT23:BV23)>Y22+AO23,Y22+AO23-BF23,$C23-SUM($BT23:BV23)))) -> 0 | BX23: =IF(Z22<=0,0,IF($C23<=SUM($BT23:BW23),0,IF(BG23+$C23-SUM($BT23:BW23)>Z22+AP23,Z22+AP23-BG23,$C23-SUM($BT23:BW23)))) -> 0 | BY23: =IF(AA22<=0,0,IF($C23<=SUM($BT23:BX23),0,IF(BH23+$C23-SUM($BT23:BX23)>AA22+AQ23,AA22+AQ23-BH23,$C23-SUM($BT23:BX23)))) -> 0 | BZ23: =IF(AB22<=0,0,IF($C23<=SUM($BT23:BY23),0,IF(BI23+$C23-SUM($BT23:BY23)>AB22+AR23,AB22+AR23-BI23,$C23-SUM($BT23:BY23)))) -> 0 | CA23: =IF(AC22<=0,0,IF($C23<=SUM($BT23:BZ23),0,IF(BJ23+$C23-SUM($BT23:BZ23)>AC22+AS23,AC22+AS23-BJ23,$C23-SUM($BT23:BZ23)))) -> 0 | CB23: =IF(AD22<=0,0,IF($C23<=SUM($BT23:CA23),0,IF(BK23+$C23-SUM($BT23:CA23)>AD22+AT23,AD22+AT23-BK23,$C23-SUM($BT23:CA23)))) -> 0 | ... CH23: =IF(AJ22<=0,0,IF($C23<=SUM($BT23:CG23),0,IF(BQ23+$C23-SUM($BT23:CG23)>AJ22+AZ23,AJ22+AZ23-BQ23,$C23-SUM($BT23:CG23)))) -> 0
A24: =IF(SUM(V23:AJ23)<=0,"",A23+1) -> 4 | B24: =IF(A24="",NA(),DATE(YEAR(B23),MONTH(B23)+1,1)) -> 46357 | C24: =IF(A24="","",IF(snowball,IF(($E$5-BR24)<0,0,$E$5-BR24),0)+D24) -> 400 | E24: =BC24+BT24 -> 186.6 | F24: =BD24+BU24 -> 313.4 | G24: =BE24+BV24 -> 225 | H24: =BF24+BW24 -> 150 | I24: =BG24+BX24 -> 125 | J24: =BH24+BY24 -> 0 | K24: =BI24+BZ24 -> 0 | L24: =BJ24+CA24 -> 0 | ... S24: =BQ24+CH24 -> 0 | U24: =SUM(V24:AJ24) -> 27305.95 | V24: =IF(E$10=0,0,ROUND(V23-(E24-AL24),2)) -> 0 | W24: =IF(F$10=0,0,ROUND(W23-(F24-AM24),2)) -> 2135.09 | X24: =IF(G$10=0,0,ROUND(X23-(G24-AN24),2)) -> 2394.83 | Y24: =IF(H$10=0,0,ROUND(Y23-(H24-AO24),2)) -> 7276.95 | Z24: =IF(I$10=0,0,ROUND(Z23-(I24-AP24),2)) -> 15499.08 | AA24: =IF(J$10=0,0,ROUND(AA23-(J24-AQ24),2)) -> 0 | AB24: =IF(K$10=0,0,ROUND(AB23-(K24-AR24),2)) -> 0 | AC24: =IF(L$10=0,0,ROUND(AC23-(L24-AS24),2)) -> 0 | ... AJ24: =IF(S$10=0,0,ROUND(AJ23-(S24-AZ24),2)) -> 0 | AL24: =ROUND(V23*E$11/12,2) -> 2 | AM24: =ROUND(W23*F$11/12,2) -> 24.24 | AN24: =ROUND(X23*G$11/12,2) -> 21.24 | AO24: =ROUND(Y23*H$11/12,2) -> 82.62 | AP24: =ROUND(Z23*I$11/12,2) -> 51.91 | AQ24: =ROUND(AA23*J$11/12,2) -> 0 | AR24: =ROUND(AB23*K$11/12,2) -> 0 | AS24: =ROUND(AC23*L$11/12,2) -> 0 | ... AZ24: =ROUND(AJ23*S$11/12,2) -> 0 | BA24: =SUM(AL24:AZ24) -> 182.01 | BC24: =IF(V23>0,IF((V23+AL24)<E$12,V23+AL24,E$12),0) -> 50 | BD24: =IF(W23>0,IF((W23+AM24)<F$12,W23+AM24,F$12),0) -> 50 | BE24: =IF(X23>0,IF((X23+AN24)<G$12,X23+AN24,G$12),0) -> 225 | BF24: =IF(Y23>0,IF((Y23+AO24)<H$12,Y23+AO24,H$12),0) -> 150 | BG24: =IF(Z23>0,IF((Z23+AP24)<I$12,Z23+AP24,I$12),0) -> 125 | BH24: =IF(AA23>0,IF((AA23+AQ24)<J$12,AA23+AQ24,J$12),0) -> 0 | BI24: =IF(AB23>0,IF((AB23+AR24)<K$12,AB23+AR24,K$12),0) -> 0 | BJ24: =IF(AC23>0,IF((AC23+AS24)<L$12,AC23+AS24,L$12),0) -> 0 | ... BQ24: =IF(AJ23>0,IF((AJ23+AZ24)<S$12,AJ23+AZ24,S$12),0) -> 0 | BR24: =SUM(BC24:BQ24) -> 600 | BT24: =IF(V23<=0,0,IF(BC24+$C24>V23+AL24,V23+AL24-BC24,$C24)) -> 136.6 | BU24: =IF(W23<=0,0,IF($C24<=SUM($BT24:BT24),0,IF(BD24+$C24-SUM($BT24:BT24)>W23+AM24,W23+AM24-BD24,$C24-SUM($BT24:BT24)))) -> 263.4 | BV24: =IF(X23<=0,0,IF($C24<=SUM($BT24:BU24),0,IF(BE24+$C24-SUM($BT24:BU24)>X23+AN24,X23+AN24-BE24,$C24-SUM($BT24:BU24)))) -> 0 | BW24: =IF(Y23<=0,0,IF($C24<=SUM($BT24:BV24),0,IF(BF24+$C24-SUM($BT24:BV24)>Y23+AO24,Y23+AO24-BF24,$C24-SUM($BT24:BV24)))) -> 0 | BX24: =IF(Z23<=0,0,IF($C24<=SUM($BT24:BW24),0,IF(BG24+$C24-SUM($BT24:BW24)>Z23+AP24,Z23+AP24-BG24,$C24-SUM($BT24:BW24)))) -> 0 | BY24: =IF(AA23<=0,0,IF($C24<=SUM($BT24:BX24),0,IF(BH24+$C24-SUM($BT24:BX24)>AA23+AQ24,AA23+AQ24-BH24,$C24-SUM($BT24:BX24)))) -> 0 | BZ24: =IF(AB23<=0,0,IF($C24<=SUM($BT24:BY24),0,IF(BI24+$C24-SUM($BT24:BY24)>AB23+AR24,AB23+AR24-BI24,$C24-SUM($BT24:BY24)))) -> 0 | CA24: =IF(AC23<=0,0,IF($C24<=SUM($BT24:BZ24),0,IF(BJ24+$C24-SUM($BT24:BZ24)>AC23+AS24,AC23+AS24-BJ24,$C24-SUM($BT24:BZ24)))) -> 0 | CB24: =IF(AD23<=0,0,IF($C24<=SUM($BT24:CA24),0,IF(BK24+$C24-SUM($BT24:CA24)>AD23+AT24,AD23+AT24-BK24,$C24-SUM($BT24:CA24)))) -> 0 | ... CH24: =IF(AJ23<=0,0,IF($C24<=SUM($BT24:CG24),0,IF(BQ24+$C24-SUM($BT24:CG24)>AJ23+AZ24,AJ23+AZ24-BQ24,$C24-SUM($BT24:CG24)))) -> 0
A25: =IF(SUM(V24:AJ24)<=0,"",A24+1) -> 5 | B25: =IF(A25="",NA(),DATE(YEAR(B24),MONTH(B24)+1,1)) -> 46388 | C25: =IF(A25="","",IF(snowball,IF(($E$5-BR25)<0,0,$E$5-BR25),0)+D25) -> 450 | E25: =BC25+BT25 -> 0 | F25: =BD25+BU25 -> 500 | G25: =BE25+BV25 -> 225 | H25: =BF25+BW25 -> 150 | I25: =BG25+BX25 -> 125 | J25: =BH25+BY25 -> 0 | K25: =BI25+BZ25 -> 0 | L25: =BJ25+CA25 -> 0 | ... S25: =BQ25+CH25 -> 0 | U25: =SUM(V25:AJ25) -> 26480.41 | V25: =IF(E$10=0,0,ROUND(V24-(E25-AL25),2)) -> 0 | W25: =IF(F$10=0,0,ROUND(W24-(F25-AM25),2)) -> 1656.44 | X25: =IF(G$10=0,0,ROUND(X24-(G25-AN25),2)) -> 2189.41 | Y25: =IF(H$10=0,0,ROUND(Y24-(H25-AO25),2)) -> 7208.82 | Z25: =IF(I$10=0,0,ROUND(Z24-(I25-AP25),2)) -> 15425.74 | AA25: =IF(J$10=0,0,ROUND(AA24-(J25-AQ25),2)) -> 0 | AB25: =IF(K$10=0,0,ROUND(AB24-(K25-AR25),2)) -> 0 | AC25: =IF(L$10=0,0,ROUND(AC24-(L25-AS25),2)) -> 0 | ... AJ25: =IF(S$10=0,0,ROUND(AJ24-(S25-AZ25),2)) -> 0 | AL25: =ROUND(V24*E$11/12,2) -> 0 | AM25: =ROUND(W24*F$11/12,2) -> 21.35 | AN25: =ROUND(X24*G$11/12,2) -> 19.58 | AO25: =ROUND(Y24*H$11/12,2) -> 81.87 | AP25: =ROUND(Z24*I$11/12,2) -> 51.66 | AQ25: =ROUND(AA24*J$11/12,2) -> 0 | AR25: =ROUND(AB24*K$11/12,2) -> 0 | AS25: =ROUND(AC24*L$11/12,2) -> 0 | ... AZ25: =ROUND(AJ24*S$11/12,2) -> 0 | BA25: =SUM(AL25:AZ25) -> 174.46 | BC25: =IF(V24>0,IF((V24+AL25)<E$12,V24+AL25,E$12),0) -> 0 | BD25: =IF(W24>0,IF((W24+AM25)<F$12,W24+AM25,F$12),0) -> 50 | BE25: =IF(X24>0,IF((X24+AN25)<G$12,X24+AN25,G$12),0) -> 225 | BF25: =IF(Y24>0,IF((Y24+AO25)<H$12,Y24+AO25,H$12),0) -> 150 | BG25: =IF(Z24>0,IF((Z24+AP25)<I$12,Z24+AP25,I$12),0) -> 125 | BH25: =IF(AA24>0,IF((AA24+AQ25)<J$12,AA24+AQ25,J$12),0) -> 0 | BI25: =IF(AB24>0,IF((AB24+AR25)<K$12,AB24+AR25,K$12),0) -> 0 | BJ25: =IF(AC24>0,IF((AC24+AS25)<L$12,AC24+AS25,L$12),0) -> 0 | ... BQ25: =IF(AJ24>0,IF((AJ24+AZ25)<S$12,AJ24+AZ25,S$12),0) -> 0 | BR25: =SUM(BC25:BQ25) -> 550 | BT25: =IF(V24<=0,0,IF(BC25+$C25>V24+AL25,V24+AL25-BC25,$C25)) -> 0 | BU25: =IF(W24<=0,0,IF($C25<=SUM($BT25:BT25),0,IF(BD25+$C25-SUM($BT25:BT25)>W24+AM25,W24+AM25-BD25,$C25-SUM($BT25:BT25)))) -> 450 | BV25: =IF(X24<=0,0,IF($C25<=SUM($BT25:BU25),0,IF(BE25+$C25-SUM($BT25:BU25)>X24+AN25,X24+AN25-BE25,$C25-SUM($BT25:BU25)))) -> 0 | BW25: =IF(Y24<=0,0,IF($C25<=SUM($BT25:BV25),0,IF(BF25+$C25-SUM($BT25:BV25)>Y24+AO25,Y24+AO25-BF25,$C25-SUM($BT25:BV25)))) -> 0 | BX25: =IF(Z24<=0,0,IF($C25<=SUM($BT25:BW25),0,IF(BG25+$C25-SUM($BT25:BW25)>Z24+AP25,Z24+AP25-BG25,$C25-SUM($BT25:BW25)))) -> 0 | BY25: =IF(AA24<=0,0,IF($C25<=SUM($BT25:BX25),0,IF(BH25+$C25-SUM($BT25:BX25)>AA24+AQ25,AA24+AQ25-BH25,$C25-SUM($BT25:BX25)))) -> 0 | BZ25: =IF(AB24<=0,0,IF($C25<=SUM($BT25:BY25),0,IF(BI25+$C25-SUM($BT25:BY25)>AB24+AR25,AB24+AR25-BI25,$C25-SUM($BT25:BY25)))) -> 0 | CA25: =IF(AC24<=0,0,IF($C25<=SUM($BT25:BZ25),0,IF(BJ25+$C25-SUM($BT25:BZ25)>AC24+AS25,AC24+AS25-BJ25,$C25-SUM($BT25:BZ25)))) -> 0 | CB25: =IF(AD24<=0,0,IF($C25<=SUM($BT25:CA25),0,IF(BK25+$C25-SUM($BT25:CA25)>AD24+AT25,AD24+AT25-BK25,$C25-SUM($BT25:CA25)))) -> 0 | ... CH25: =IF(AJ24<=0,0,IF($C25<=SUM($BT25:CG25),0,IF(BQ25+$C25-SUM($BT25:CG25)>AJ24+AZ25,AJ24+AZ25-BQ25,$C25-SUM($BT25:CG25)))) -> 0
A26: =IF(SUM(V25:AJ25)<=0,"",A25+1) -> 6 | B26: =IF(A26="",NA(),DATE(YEAR(B25),MONTH(B25)+1,1)) -> 46419 | C26: =IF(A26="","",IF(snowball,IF(($E$5-BR26)<0,0,$E$5-BR26),0)+D26) -> 450 | E26: =BC26+BT26 -> 0 | F26: =BD26+BU26 -> 500 | G26: =BE26+BV26 -> 225 | H26: =BF26+BW26 -> 150 | I26: =BG26+BX26 -> 125 | J26: =BH26+BY26 -> 0 | K26: =BI26+BZ26 -> 0 | L26: =BJ26+CA26 -> 0 | ... S26: =BQ26+CH26 -> 0 | U26: =SUM(V26:AJ26) -> 25647.39 | V26: =IF(E$10=0,0,ROUND(V25-(E26-AL26),2)) -> 0 | W26: =IF(F$10=0,0,ROUND(W25-(F26-AM26),2)) -> 1173 | X26: =IF(G$10=0,0,ROUND(X25-(G26-AN26),2)) -> 1982.31 | Y26: =IF(H$10=0,0,ROUND(Y25-(H26-AO26),2)) -> 7139.92 | Z26: =IF(I$10=0,0,ROUND(Z25-(I26-AP26),2)) -> 15352.16 | AA26: =IF(J$10=0,0,ROUND(AA25-(J26-AQ26),2)) -> 0 | AB26: =IF(K$10=0,0,ROUND(AB25-(K26-AR26),2)) -> 0 | AC26: =IF(L$10=0,0,ROUND(AC25-(L26-AS26),2)) -> 0 | ... AJ26: =IF(S$10=0,0,ROUND(AJ25-(S26-AZ26),2)) -> 0 | AL26: =ROUND(V25*E$11/12,2) -> 0 | AM26: =ROUND(W25*F$11/12,2) -> 16.56 | AN26: =ROUND(X25*G$11/12,2) -> 17.9 | AO26: =ROUND(Y25*H$11/12,2) -> 81.1 | AP26: =ROUND(Z25*I$11/12,2) -> 51.42 | AQ26: =ROUND(AA25*J$11/12,2) -> 0 | AR26: =ROUND(AB25*K$11/12,2) -> 0 | AS26: =ROUND(AC25*L$11/12,2) -> 0 | ... AZ26: =ROUND(AJ25*S$11/12,2) -> 0 | BA26: =SUM(AL26:AZ26) -> 166.98 | BC26: =IF(V25>0,IF((V25+AL26)<E$12,V25+AL26,E$12),0) -> 0 | BD26: =IF(W25>0,IF((W25+AM26)<F$12,W25+AM26,F$12),0) -> 50 | BE26: =IF(X25>0,IF((X25+AN26)<G$12,X25+AN26,G$12),0) -> 225 | BF26: =IF(Y25>0,IF((Y25+AO26)<H$12,Y25+AO26,H$12),0) -> 150 | BG26: =IF(Z25>0,IF((Z25+AP26)<I$12,Z25+AP26,I$12),0) -> 125 | BH26: =IF(AA25>0,IF((AA25+AQ26)<J$12,AA25+AQ26,J$12),0) -> 0 | BI26: =IF(AB25>0,IF((AB25+AR26)<K$12,AB25+AR26,K$12),0) -> 0 | BJ26: =IF(AC25>0,IF((AC25+AS26)<L$12,AC25+AS26,L$12),0) -> 0 | ... BQ26: =IF(AJ25>0,IF((AJ25+AZ26)<S$12,AJ25+AZ26,S$12),0) -> 0 | BR26: =SUM(BC26:BQ26) -> 550 | BT26: =IF(V25<=0,0,IF(BC26+$C26>V25+AL26,V25+AL26-BC26,$C26)) -> 0 | BU26: =IF(W25<=0,0,IF($C26<=SUM($BT26:BT26),0,IF(BD26+$C26-SUM($BT26:BT26)>W25+AM26,W25+AM26-BD26,$C26-SUM($BT26:BT26)))) -> 450 | BV26: =IF(X25<=0,0,IF($C26<=SUM($BT26:BU26),0,IF(BE26+$C26-SUM($BT26:BU26)>X25+AN26,X25+AN26-BE26,$C26-SUM($BT26:BU26)))) -> 0 | BW26: =IF(Y25<=0,0,IF($C26<=SUM($BT26:BV26),0,IF(BF26+$C26-SUM($BT26:BV26)>Y25+AO26,Y25+AO26-BF26,$C26-SUM($BT26:BV26)))) -> 0 | BX26: =IF(Z25<=0,0,IF($C26<=SUM($BT26:BW26),0,IF(BG26+$C26-SUM($BT26:BW26)>Z25+AP26,Z25+AP26-BG26,$C26-SUM($BT26:BW26)))) -> 0 | BY26: =IF(AA25<=0,0,IF($C26<=SUM($BT26:BX26),0,IF(BH26+$C26-SUM($BT26:BX26)>AA25+AQ26,AA25+AQ26-BH26,$C26-SUM($BT26:BX26)))) -> 0 | BZ26: =IF(AB25<=0,0,IF($C26<=SUM($BT26:BY26),0,IF(BI26+$C26-SUM($BT26:BY26)>AB25+AR26,AB25+AR26-BI26,$C26-SUM($BT26:BY26)))) -> 0 | CA26: =IF(AC25<=0,0,IF($C26<=SUM($BT26:BZ26),0,IF(BJ26+$C26-SUM($BT26:BZ26)>AC25+AS26,AC25+AS26-BJ26,$C26-SUM($BT26:BZ26)))) -> 0 | CB26: =IF(AD25<=0,0,IF($C26<=SUM($BT26:CA26),0,IF(BK26+$C26-SUM($BT26:CA26)>AD25+AT26,AD25+AT26-BK26,$C26-SUM($BT26:CA26)))) -> 0 | ... CH26: =IF(AJ25<=0,0,IF($C26<=SUM($BT26:CG26),0,IF(BQ26+$C26-SUM($BT26:CG26)>AJ25+AZ26,AJ25+AZ26-BQ26,$C26-SUM($BT26:CG26)))) -> 0
A27: =IF(SUM(V26:AJ26)<=0,"",A26+1) -> 7 | B27: =IF(A27="",NA(),DATE(YEAR(B26),MONTH(B26)+1,1)) -> 46447 | C27: =IF(A27="","",IF(snowball,IF(($E$5-BR27)<0,0,$E$5-BR27),0)+D27) -> 450 | E27: =BC27+BT27 -> 0 | F27: =BD27+BU27 -> 500 | G27: =BE27+BV27 -> 225 | H27: =BF27+BW27 -> 150 | I27: =BG27+BX27 -> 125 | J27: =BH27+BY27 -> 0 | K27: =BI27+BZ27 -> 0 | L27: =BJ27+CA27 -> 0 | ... S27: =BQ27+CH27 -> 0 | U27: =SUM(V27:AJ27) -> 24806.82 | V27: =IF(E$10=0,0,ROUND(V26-(E27-AL27),2)) -> 0 | W27: =IF(F$10=0,0,ROUND(W26-(F27-AM27),2)) -> 684.73 | X27: =IF(G$10=0,0,ROUND(X26-(G27-AN27),2)) -> 1773.52 | Y27: =IF(H$10=0,0,ROUND(Y26-(H27-AO27),2)) -> 7070.24 | Z27: =IF(I$10=0,0,ROUND(Z26-(I27-AP27),2)) -> 15278.33 | AA27: =IF(J$10=0,0,ROUND(AA26-(J27-AQ27),2)) -> 0 | AB27: =IF(K$10=0,0,ROUND(AB26-(K27-AR27),2)) -> 0 | AC27: =IF(L$10=0,0,ROUND(AC26-(L27-AS27),2)) -> 0 | ... AJ27: =IF(S$10=0,0,ROUND(AJ26-(S27-AZ27),2)) -> 0 | AL27: =ROUND(V26*E$11/12,2) -> 0 | AM27: =ROUND(W26*F$11/12,2) -> 11.73 | AN27: =ROUND(X26*G$11/12,2) -> 16.21 | AO27: =ROUND(Y26*H$11/12,2) -> 80.32 | AP27: =ROUND(Z26*I$11/12,2) -> 51.17 | AQ27: =ROUND(AA26*J$11/12,2) -> 0 | AR27: =ROUND(AB26*K$11/12,2) -> 0 | AS27: =ROUND(AC26*L$11/12,2) -> 0 | ... AZ27: =ROUND(AJ26*S$11/12,2) -> 0 | BA27: =SUM(AL27:AZ27) -> 159.43 | BC27: =IF(V26>0,IF((V26+AL27)<E$12,V26+AL27,E$12),0) -> 0 | BD27: =IF(W26>0,IF((W26+AM27)<F$12,W26+AM27,F$12),0) -> 50 | BE27: =IF(X26>0,IF((X26+AN27)<G$12,X26+AN27,G$12),0) -> 225 | BF27: =IF(Y26>0,IF((Y26+AO27)<H$12,Y26+AO27,H$12),0) -> 150 | BG27: =IF(Z26>0,IF((Z26+AP27)<I$12,Z26+AP27,I$12),0) -> 125 | BH27: =IF(AA26>0,IF((AA26+AQ27)<J$12,AA26+AQ27,J$12),0) -> 0 | BI27: =IF(AB26>0,IF((AB26+AR27)<K$12,AB26+AR27,K$12),0) -> 0 | BJ27: =IF(AC26>0,IF((AC26+AS27)<L$12,AC26+AS27,L$12),0) -> 0 | ... BQ27: =IF(AJ26>0,IF((AJ26+AZ27)<S$12,AJ26+AZ27,S$12),0) -> 0 | BR27: =SUM(BC27:BQ27) -> 550 | BT27: =IF(V26<=0,0,IF(BC27+$C27>V26+AL27,V26+AL27-BC27,$C27)) -> 0 | BU27: =IF(W26<=0,0,IF($C27<=SUM($BT27:BT27),0,IF(BD27+$C27-SUM($BT27:BT27)>W26+AM27,W26+AM27-BD27,$C27-SUM($BT27:BT27)))) -> 450 | BV27: =IF(X26<=0,0,IF($C27<=SUM($BT27:BU27),0,IF(BE27+$C27-SUM($BT27:BU27)>X26+AN27,X26+AN27-BE27,$C27-SUM($BT27:BU27)))) -> 0 | BW27: =IF(Y26<=0,0,IF($C27<=SUM($BT27:BV27),0,IF(BF27+$C27-SUM($BT27:BV27)>Y26+AO27,Y26+AO27-BF27,$C27-SUM($BT27:BV27)))) -> 0 | BX27: =IF(Z26<=0,0,IF($C27<=SUM($BT27:BW27),0,IF(BG27+$C27-SUM($BT27:BW27)>Z26+AP27,Z26+AP27-BG27,$C27-SUM($BT27:BW27)))) -> 0 | BY27: =IF(AA26<=0,0,IF($C27<=SUM($BT27:BX27),0,IF(BH27+$C27-SUM($BT27:BX27)>AA26+AQ27,AA26+AQ27-BH27,$C27-SUM($BT27:BX27)))) -> 0 | BZ27: =IF(AB26<=0,0,IF($C27<=SUM($BT27:BY27),0,IF(BI27+$C27-SUM($BT27:BY27)>AB26+AR27,AB26+AR27-BI27,$C27-SUM($BT27:BY27)))) -> 0 | CA27: =IF(AC26<=0,0,IF($C27<=SUM($BT27:BZ27),0,IF(BJ27+$C27-SUM($BT27:BZ27)>AC26+AS27,AC26+AS27-BJ27,$C27-SUM($BT27:BZ27)))) -> 0 | CB27: =IF(AD26<=0,0,IF($C27<=SUM($BT27:CA27),0,IF(BK27+$C27-SUM($BT27:CA27)>AD26+AT27,AD26+AT27-BK27,$C27-SUM($BT27:CA27)))) -> 0 | ... CH27: =IF(AJ26<=0,0,IF($C27<=SUM($BT27:CG27),0,IF(BQ27+$C27-SUM($BT27:CG27)>AJ26+AZ27,AJ26+AZ27-BQ27,$C27-SUM($BT27:CG27)))) -> 0
A28: =IF(SUM(V27:AJ27)<=0,"",A27+1) -> 8 | B28: =IF(A28="",NA(),DATE(YEAR(B27),MONTH(B27)+1,1)) -> 46478 | C28: =IF(A28="","",IF(snowball,IF(($E$5-BR28)<0,0,$E$5-BR28),0)+D28) -> 450 | E28: =BC28+BT28 -> 0 | F28: =BD28+BU28 -> 500 | G28: =BE28+BV28 -> 225 | H28: =BF28+BW28 -> 150 | I28: =BG28+BX28 -> 125 | J28: =BH28+BY28 -> 0 | K28: =BI28+BZ28 -> 0 | L28: =BJ28+CA28 -> 0 | ... S28: =BQ28+CH28 -> 0 | U28: =SUM(V28:AJ28) -> 23958.64 | V28: =IF(E$10=0,0,ROUND(V27-(E28-AL28),2)) -> 0 | W28: =IF(F$10=0,0,ROUND(W27-(F28-AM28),2)) -> 191.58 | X28: =IF(G$10=0,0,ROUND(X27-(G28-AN28),2)) -> 1563.02 | Y28: =IF(H$10=0,0,ROUND(Y27-(H28-AO28),2)) -> 6999.78 | Z28: =IF(I$10=0,0,ROUND(Z27-(I28-AP28),2)) -> 15204.26 | AA28: =IF(J$10=0,0,ROUND(AA27-(J28-AQ28),2)) -> 0 | AB28: =IF(K$10=0,0,ROUND(AB27-(K28-AR28),2)) -> 0 | AC28: =IF(L$10=0,0,ROUND(AC27-(L28-AS28),2)) -> 0 | ... AJ28: =IF(S$10=0,0,ROUND(AJ27-(S28-AZ28),2)) -> 0 | AL28: =ROUND(V27*E$11/12,2) -> 0 | AM28: =ROUND(W27*F$11/12,2) -> 6.85 | AN28: =ROUND(X27*G$11/12,2) -> 14.5 | AO28: =ROUND(Y27*H$11/12,2) -> 79.54 | AP28: =ROUND(Z27*I$11/12,2) -> 50.93 | AQ28: =ROUND(AA27*J$11/12,2) -> 0 | AR28: =ROUND(AB27*K$11/12,2) -> 0 | AS28: =ROUND(AC27*L$11/12,2) -> 0 | ... AZ28: =ROUND(AJ27*S$11/12,2) -> 0 | BA28: =SUM(AL28:AZ28) -> 151.82 | BC28: =IF(V27>0,IF((V27+AL28)<E$12,V27+AL28,E$12),0) -> 0 | BD28: =IF(W27>0,IF((W27+AM28)<F$12,W27+AM28,F$12),0) -> 50 | BE28: =IF(X27>0,IF((X27+AN28)<G$12,X27+AN28,G$12),0) -> 225 | BF28: =IF(Y27>0,IF((Y27+AO28)<H$12,Y27+AO28,H$12),0) -> 150 | BG28: =IF(Z27>0,IF((Z27+AP28)<I$12,Z27+AP28,I$12),0) -> 125 | BH28: =IF(AA27>0,IF((AA27+AQ28)<J$12,AA27+AQ28,J$12),0) -> 0 | BI28: =IF(AB27>0,IF((AB27+AR28)<K$12,AB27+AR28,K$12),0) -> 0 | BJ28: =IF(AC27>0,IF((AC27+AS28)<L$12,AC27+AS28,L$12),0) -> 0 | ... BQ28: =IF(AJ27>0,IF((AJ27+AZ28)<S$12,AJ27+AZ28,S$12),0) -> 0 | BR28: =SUM(BC28:BQ28) -> 550 | BT28: =IF(V27<=0,0,IF(BC28+$C28>V27+AL28,V27+AL28-BC28,$C28)) -> 0 | BU28: =IF(W27<=0,0,IF($C28<=SUM($BT28:BT28),0,IF(BD28+$C28-SUM($BT28:BT28)>W27+AM28,W27+AM28-BD28,$C28-SUM($BT28:BT28)))) -> 450 | BV28: =IF(X27<=0,0,IF($C28<=SUM($BT28:BU28),0,IF(BE28+$C28-SUM($BT28:BU28)>X27+AN28,X27+AN28-BE28,$C28-SUM($BT28:BU28)))) -> 0 | BW28: =IF(Y27<=0,0,IF($C28<=SUM($BT28:BV28),0,IF(BF28+$C28-SUM($BT28:BV28)>Y27+AO28,Y27+AO28-BF28,$C28-SUM($BT28:BV28)))) -> 0 | BX28: =IF(Z27<=0,0,IF($C28<=SUM($BT28:BW28),0,IF(BG28+$C28-SUM($BT28:BW28)>Z27+AP28,Z27+AP28-BG28,$C28-SUM($BT28:BW28)))) -> 0 | BY28: =IF(AA27<=0,0,IF($C28<=SUM($BT28:BX28),0,IF(BH28+$C28-SUM($BT28:BX28)>AA27+AQ28,AA27+AQ28-BH28,$C28-SUM($BT28:BX28)))) -> 0 | BZ28: =IF(AB27<=0,0,IF($C28<=SUM($BT28:BY28),0,IF(BI28+$C28-SUM($BT28:BY28)>AB27+AR28,AB27+AR28-BI28,$C28-SUM($BT28:BY28)))) -> 0 | CA28: =IF(AC27<=0,0,IF($C28<=SUM($BT28:BZ28),0,IF(BJ28+$C28-SUM($BT28:BZ28)>AC27+AS28,AC27+AS28-BJ28,$C28-SUM($BT28:BZ28)))) -> 0 | CB28: =IF(AD27<=0,0,IF($C28<=SUM($BT28:CA28),0,IF(BK28+$C28-SUM($BT28:CA28)>AD27+AT28,AD27+AT28-BK28,$C28-SUM($BT28:CA28)))) -> 0 | ... CH28: =IF(AJ27<=0,0,IF($C28<=SUM($BT28:CG28),0,IF(BQ28+$C28-SUM($BT28:CG28)>AJ27+AZ28,AJ27+AZ28-BQ28,$C28-SUM($BT28:CG28)))) -> 0
A29: =IF(SUM(V28:AJ28)<=0,"",A28+1) -> 9 | B29: =IF(A29="",NA(),DATE(YEAR(B28),MONTH(B28)+1,1)) -> 46508 | C29: =IF(A29="","",IF(snowball,IF(($E$5-BR29)<0,0,$E$5-BR29),0)+D29) -> 450 | E29: =BC29+BT29 -> 0 | F29: =BD29+BU29 -> 193.5 | G29: =BE29+BV29 -> 531.5 | H29: =BF29+BW29 -> 150 | I29: =BG29+BX29 -> 125 | J29: =BH29+BY29 -> 0 | K29: =BI29+BZ29 -> 0 | L29: =BJ29+CA29 -> 0 | ... S29: =BQ29+CH29 -> 0 | U29: =SUM(V29:AJ29) -> 23102.77 | V29: =IF(E$10=0,0,ROUND(V28-(E29-AL29),2)) -> 0 | W29: =IF(F$10=0,0,ROUND(W28-(F29-AM29),2)) -> 0 | X29: =IF(G$10=0,0,ROUND(X28-(G29-AN29),2)) -> 1044.3 | Y29: =IF(H$10=0,0,ROUND(Y28-(H29-AO29),2)) -> 6928.53 | Z29: =IF(I$10=0,0,ROUND(Z28-(I29-AP29),2)) -> 15129.94 | AA29: =IF(J$10=0,0,ROUND(AA28-(J29-AQ29),2)) -> 0 | AB29: =IF(K$10=0,0,ROUND(AB28-(K29-AR29),2)) -> 0 | AC29: =IF(L$10=0,0,ROUND(AC28-(L29-AS29),2)) -> 0 | ... AJ29: =IF(S$10=0,0,ROUND(AJ28-(S29-AZ29),2)) -> 0 | AL29: =ROUND(V28*E$11/12,2) -> 0 | AM29: =ROUND(W28*F$11/12,2) -> 1.92 | AN29: =ROUND(X28*G$11/12,2) -> 12.78 | AO29: =ROUND(Y28*H$11/12,2) -> 78.75 | AP29: =ROUND(Z28*I$11/12,2) -> 50.68 | AQ29: =ROUND(AA28*J$11/12,2) -> 0 | AR29: =ROUND(AB28*K$11/12,2) -> 0 | AS29: =ROUND(AC28*L$11/12,2) -> 0 | ... AZ29: =ROUND(AJ28*S$11/12,2) -> 0 | BA29: =SUM(AL29:AZ29) -> 144.13 | BC29: =IF(V28>0,IF((V28+AL29)<E$12,V28+AL29,E$12),0) -> 0 | BD29: =IF(W28>0,IF((W28+AM29)<F$12,W28+AM29,F$12),0) -> 50 | BE29: =IF(X28>0,IF((X28+AN29)<G$12,X28+AN29,G$12),0) -> 225 | BF29: =IF(Y28>0,IF((Y28+AO29)<H$12,Y28+AO29,H$12),0) -> 150 | BG29: =IF(Z28>0,IF((Z28+AP29)<I$12,Z28+AP29,I$12),0) -> 125 | BH29: =IF(AA28>0,IF((AA28+AQ29)<J$12,AA28+AQ29,J$12),0) -> 0 | BI29: =IF(AB28>0,IF((AB28+AR29)<K$12,AB28+AR29,K$12),0) -> 0 | BJ29: =IF(AC28>0,IF((AC28+AS29)<L$12,AC28+AS29,L$12),0) -> 0 | ... BQ29: =IF(AJ28>0,IF((AJ28+AZ29)<S$12,AJ28+AZ29,S$12),0) -> 0 | BR29: =SUM(BC29:BQ29) -> 550 | BT29: =IF(V28<=0,0,IF(BC29+$C29>V28+AL29,V28+AL29-BC29,$C29)) -> 0 | BU29: =IF(W28<=0,0,IF($C29<=SUM($BT29:BT29),0,IF(BD29+$C29-SUM($BT29:BT29)>W28+AM29,W28+AM29-BD29,$C29-SUM($BT29:BT29)))) -> 143.5 | BV29: =IF(X28<=0,0,IF($C29<=SUM($BT29:BU29),0,IF(BE29+$C29-SUM($BT29:BU29)>X28+AN29,X28+AN29-BE29,$C29-SUM($BT29:BU29)))) -> 306.5 | BW29: =IF(Y28<=0,0,IF($C29<=SUM($BT29:BV29),0,IF(BF29+$C29-SUM($BT29:BV29)>Y28+AO29,Y28+AO29-BF29,$C29-SUM($BT29:BV29)))) -> 0 | BX29: =IF(Z28<=0,0,IF($C29<=SUM($BT29:BW29),0,IF(BG29+$C29-SUM($BT29:BW29)>Z28+AP29,Z28+AP29-BG29,$C29-SUM($BT29:BW29)))) -> 0 | BY29: =IF(AA28<=0,0,IF($C29<=SUM($BT29:BX29),0,IF(BH29+$C29-SUM($BT29:BX29)>AA28+AQ29,AA28+AQ29-BH29,$C29-SUM($BT29:BX29)))) -> 0 | BZ29: =IF(AB28<=0,0,IF($C29<=SUM($BT29:BY29),0,IF(BI29+$C29-SUM($BT29:BY29)>AB28+AR29,AB28+AR29-BI29,$C29-SUM($BT29:BY29)))) -> 0 | CA29: =IF(AC28<=0,0,IF($C29<=SUM($BT29:BZ29),0,IF(BJ29+$C29-SUM($BT29:BZ29)>AC28+AS29,AC28+AS29-BJ29,$C29-SUM($BT29:BZ29)))) -> 0 | CB29: =IF(AD28<=0,0,IF($C29<=SUM($BT29:CA29),0,IF(BK29+$C29-SUM($BT29:CA29)>AD28+AT29,AD28+AT29-BK29,$C29-SUM($BT29:CA29)))) -> 0 | ... CH29: =IF(AJ28<=0,0,IF($C29<=SUM($BT29:CG29),0,IF(BQ29+$C29-SUM($BT29:CG29)>AJ28+AZ29,AJ28+AZ29-BQ29,$C29-SUM($BT29:CG29)))) -> 0
A30: =IF(SUM(V29:AJ29)<=0,"",A29+1) -> 10 | B30: =IF(A30="",NA(),DATE(YEAR(B29),MONTH(B29)+1,1)) -> 46539 | C30: =IF(A30="","",IF(snowball,IF(($E$5-BR30)<0,0,$E$5-BR30),0)+D30) -> 500 | E30: =BC30+BT30 -> 0 | F30: =BD30+BU30 -> 0 | G30: =BE30+BV30 -> 725 | H30: =BF30+BW30 -> 150 | I30: =BG30+BX30 -> 125 | J30: =BH30+BY30 -> 0 | K30: =BI30+BZ30 -> 0 | L30: =BJ30+CA30 -> 0 | ... S30: =BQ30+CH30 -> 0 | U30: =SUM(V30:AJ30) -> 22239.69 | V30: =IF(E$10=0,0,ROUND(V29-(E30-AL30),2)) -> 0 | W30: =IF(F$10=0,0,ROUND(W29-(F30-AM30),2)) -> 0 | X30: =IF(G$10=0,0,ROUND(X29-(G30-AN30),2)) -> 327.84 | Y30: =IF(H$10=0,0,ROUND(Y29-(H30-AO30),2)) -> 6856.48 | Z30: =IF(I$10=0,0,ROUND(Z29-(I30-AP30),2)) -> 15055.37 | AA30: =IF(J$10=0,0,ROUND(AA29-(J30-AQ30),2)) -> 0 | AB30: =IF(K$10=0,0,ROUND(AB29-(K30-AR30),2)) -> 0 | AC30: =IF(L$10=0,0,ROUND(AC29-(L30-AS30),2)) -> 0 | ... AJ30: =IF(S$10=0,0,ROUND(AJ29-(S30-AZ30),2)) -> 0 | AL30: =ROUND(V29*E$11/12,2) -> 0 | AM30: =ROUND(W29*F$11/12,2) -> 0 | AN30: =ROUND(X29*G$11/12,2) -> 8.54 | AO30: =ROUND(Y29*H$11/12,2) -> 77.95 | AP30: =ROUND(Z29*I$11/12,2) -> 50.43 | AQ30: =ROUND(AA29*J$11/12,2) -> 0 | AR30: =ROUND(AB29*K$11/12,2) -> 0 | AS30: =ROUND(AC29*L$11/12,2) -> 0 | ... AZ30: =ROUND(AJ29*S$11/12,2) -> 0 | BA30: =SUM(AL30:AZ30) -> 136.92 | BC30: =IF(V29>0,IF((V29+AL30)<E$12,V29+AL30,E$12),0) -> 0 | BD30: =IF(W29>0,IF((W29+AM30)<F$12,W29+AM30,F$12),0) -> 0 | BE30: =IF(X29>0,IF((X29+AN30)<G$12,X29+AN30,G$12),0) -> 225 | BF30: =IF(Y29>0,IF((Y29+AO30)<H$12,Y29+AO30,H$12),0) -> 150 | BG30: =IF(Z29>0,IF((Z29+AP30)<I$12,Z29+AP30,I$12),0) -> 125 | BH30: =IF(AA29>0,IF((AA29+AQ30)<J$12,AA29+AQ30,J$12),0) -> 0 | BI30: =IF(AB29>0,IF((AB29+AR30)<K$12,AB29+AR30,K$12),0) -> 0 | BJ30: =IF(AC29>0,IF((AC29+AS30)<L$12,AC29+AS30,L$12),0) -> 0 | ... BQ30: =IF(AJ29>0,IF((AJ29+AZ30)<S$12,AJ29+AZ30,S$12),0) -> 0 | BR30: =SUM(BC30:BQ30) -> 500 | BT30: =IF(V29<=0,0,IF(BC30+$C30>V29+AL30,V29+AL30-BC30,$C30)) -> 0 | BU30: =IF(W29<=0,0,IF($C30<=SUM($BT30:BT30),0,IF(BD30+$C30-SUM($BT30:BT30)>W29+AM30,W29+AM30-BD30,$C30-SUM($BT30:BT30)))) -> 0 | BV30: =IF(X29<=0,0,IF($C30<=SUM($BT30:BU30),0,IF(BE30+$C30-SUM($BT30:BU30)>X29+AN30,X29+AN30-BE30,$C30-SUM($BT30:BU30)))) -> 500 | BW30: =IF(Y29<=0,0,IF($C30<=SUM($BT30:BV30),0,IF(BF30+$C30-SUM($BT30:BV30)>Y29+AO30,Y29+AO30-BF30,$C30-SUM($BT30:BV30)))) -> 0 | BX30: =IF(Z29<=0,0,IF($C30<=SUM($BT30:BW30),0,IF(BG30+$C30-SUM($BT30:BW30)>Z29+AP30,Z29+AP30-BG30,$C30-SUM($BT30:BW30)))) -> 0 | BY30: =IF(AA29<=0,0,IF($C30<=SUM($BT30:BX30),0,IF(BH30+$C30-SUM($BT30:BX30)>AA29+AQ30,AA29+AQ30-BH30,$C30-SUM($BT30:BX30)))) -> 0 | BZ30: =IF(AB29<=0,0,IF($C30<=SUM($BT30:BY30),0,IF(BI30+$C30-SUM($BT30:BY30)>AB29+AR30,AB29+AR30-BI30,$C30-SUM($BT30:BY30)))) -> 0 | CA30: =IF(AC29<=0,0,IF($C30<=SUM($BT30:BZ30),0,IF(BJ30+$C30-SUM($BT30:BZ30)>AC29+AS30,AC29+AS30-BJ30,$C30-SUM($BT30:BZ30)))) -> 0 | CB30: =IF(AD29<=0,0,IF($C30<=SUM($BT30:CA30),0,IF(BK30+$C30-SUM($BT30:CA30)>AD29+AT30,AD29+AT30-BK30,$C30-SUM($BT30:CA30)))) -> 0 | ... CH30: =IF(AJ29<=0,0,IF($C30<=SUM($BT30:CG30),0,IF(BQ30+$C30-SUM($BT30:CG30)>AJ29+AZ30,AJ29+AZ30-BQ30,$C30-SUM($BT30:CG30)))) -> 0
A31: =IF(SUM(V30:AJ30)<=0,"",A30+1) -> 11 | B31: =IF(A31="",NA(),DATE(YEAR(B30),MONTH(B30)+1,1)) -> 46569 | C31: =IF(A31="","",IF(snowball,IF(($E$5-BR31)<0,0,$E$5-BR31),0)+D31) -> 500 | E31: =BC31+BT31 -> 0 | F31: =BD31+BU31 -> 0 | G31: =BE31+BV31 -> 330.52 | H31: =BF31+BW31 -> 544.48 | I31: =BG31+BX31 -> 125 | J31: =BH31+BY31 -> 0 | K31: =BI31+BZ31 -> 0 | L31: =BJ31+CA31 -> 0 | ... S31: =BQ31+CH31 -> 0 | U31: =SUM(V31:AJ31) -> 21369.69 | V31: =IF(E$10=0,0,ROUND(V30-(E31-AL31),2)) -> 0 | W31: =IF(F$10=0,0,ROUND(W30-(F31-AM31),2)) -> 0 | X31: =IF(G$10=0,0,ROUND(X30-(G31-AN31),2)) -> 0 | Y31: =IF(H$10=0,0,ROUND(Y30-(H31-AO31),2)) -> 6389.14 | Z31: =IF(I$10=0,0,ROUND(Z30-(I31-AP31),2)) -> 14980.55 | AA31: =IF(J$10=0,0,ROUND(AA30-(J31-AQ31),2)) -> 0 | AB31: =IF(K$10=0,0,ROUND(AB30-(K31-AR31),2)) -> 0 | AC31: =IF(L$10=0,0,ROUND(AC30-(L31-AS31),2)) -> 0 | ... AJ31: =IF(S$10=0,0,ROUND(AJ30-(S31-AZ31),2)) -> 0 | AL31: =ROUND(V30*E$11/12,2) -> 0 | AM31: =ROUND(W30*F$11/12,2) -> 0 | AN31: =ROUND(X30*G$11/12,2) -> 2.68 | AO31: =ROUND(Y30*H$11/12,2) -> 77.14 | AP31: =ROUND(Z30*I$11/12,2) -> 50.18 | AQ31: =ROUND(AA30*J$11/12,2) -> 0 | AR31: =ROUND(AB30*K$11/12,2) -> 0 | AS31: =ROUND(AC30*L$11/12,2) -> 0 | ... AZ31: =ROUND(AJ30*S$11/12,2) -> 0 | BA31: =SUM(AL31:AZ31) -> 130 | BC31: =IF(V30>0,IF((V30+AL31)<E$12,V30+AL31,E$12),0) -> 0 | BD31: =IF(W30>0,IF((W30+AM31)<F$12,W30+AM31,F$12),0) -> 0 | BE31: =IF(X30>0,IF((X30+AN31)<G$12,X30+AN31,G$12),0) -> 225 | BF31: =IF(Y30>0,IF((Y30+AO31)<H$12,Y30+AO31,H$12),0) -> 150 | BG31: =IF(Z30>0,IF((Z30+AP31)<I$12,Z30+AP31,I$12),0) -> 125 | BH31: =IF(AA30>0,IF((AA30+AQ31)<J$12,AA30+AQ31,J$12),0) -> 0 | BI31: =IF(AB30>0,IF((AB30+AR31)<K$12,AB30+AR31,K$12),0) -> 0 | BJ31: =IF(AC30>0,IF((AC30+AS31)<L$12,AC30+AS31,L$12),0) -> 0 | ... BQ31: =IF(AJ30>0,IF((AJ30+AZ31)<S$12,AJ30+AZ31,S$12),0) -> 0 | BR31: =SUM(BC31:BQ31) -> 500 | BT31: =IF(V30<=0,0,IF(BC31+$C31>V30+AL31,V30+AL31-BC31,$C31)) -> 0 | BU31: =IF(W30<=0,0,IF($C31<=SUM($BT31:BT31),0,IF(BD31+$C31-SUM($BT31:BT31)>W30+AM31,W30+AM31-BD31,$C31-SUM($BT31:BT31)))) -> 0 | BV31: =IF(X30<=0,0,IF($C31<=SUM($BT31:BU31),0,IF(BE31+$C31-SUM($BT31:BU31)>X30+AN31,X30+AN31-BE31,$C31-SUM($BT31:BU31)))) -> 105.52 | BW31: =IF(Y30<=0,0,IF($C31<=SUM($BT31:BV31),0,IF(BF31+$C31-SUM($BT31:BV31)>Y30+AO31,Y30+AO31-BF31,$C31-SUM($BT31:BV31)))) -> 394.48 | BX31: =IF(Z30<=0,0,IF($C31<=SUM($BT31:BW31),0,IF(BG31+$C31-SUM($BT31:BW31)>Z30+AP31,Z30+AP31-BG31,$C31-SUM($BT31:BW31)))) -> 0 | BY31: =IF(AA30<=0,0,IF($C31<=SUM($BT31:BX31),0,IF(BH31+$C31-SUM($BT31:BX31)>AA30+AQ31,AA30+AQ31-BH31,$C31-SUM($BT31:BX31)))) -> 0 | BZ31: =IF(AB30<=0,0,IF($C31<=SUM($BT31:BY31),0,IF(BI31+$C31-SUM($BT31:BY31)>AB30+AR31,AB30+AR31-BI31,$C31-SUM($BT31:BY31)))) -> 0 | CA31: =IF(AC30<=0,0,IF($C31<=SUM($BT31:BZ31),0,IF(BJ31+$C31-SUM($BT31:BZ31)>AC30+AS31,AC30+AS31-BJ31,$C31-SUM($BT31:BZ31)))) -> 0 | CB31: =IF(AD30<=0,0,IF($C31<=SUM($BT31:CA31),0,IF(BK31+$C31-SUM($BT31:CA31)>AD30+AT31,AD30+AT31-BK31,$C31-SUM($BT31:CA31)))) -> 0 | ... CH31: =IF(AJ30<=0,0,IF($C31<=SUM($BT31:CG31),0,IF(BQ31+$C31-SUM($BT31:CG31)>AJ30+AZ31,AJ30+AZ31-BQ31,$C31-SUM($BT31:CG31)))) -> 0
A32: =IF(SUM(V31:AJ31)<=0,"",A31+1) -> 12 | B32: =IF(A32="",NA(),DATE(YEAR(B31),MONTH(B31)+1,1)) -> 46600 | C32: =IF(A32="","",IF(snowball,IF(($E$5-BR32)<0,0,$E$5-BR32),0)+D32) -> 725 | E32: =BC32+BT32 -> 0 | F32: =BD32+BU32 -> 0 | G32: =BE32+BV32 -> 0 | H32: =BF32+BW32 -> 875 | I32: =BG32+BX32 -> 125 | J32: =BH32+BY32 -> 0 | K32: =BI32+BZ32 -> 0 | L32: =BJ32+CA32 -> 0 | ... S32: =BQ32+CH32 -> 0 | U32: =SUM(V32:AJ32) -> 20491.51 | V32: =IF(E$10=0,0,ROUND(V31-(E32-AL32),2)) -> 0 | W32: =IF(F$10=0,0,ROUND(W31-(F32-AM32),2)) -> 0 | X32: =IF(G$10=0,0,ROUND(X31-(G32-AN32),2)) -> 0 | Y32: =IF(H$10=0,0,ROUND(Y31-(H32-AO32),2)) -> 5586.02 | Z32: =IF(I$10=0,0,ROUND(Z31-(I32-AP32),2)) -> 14905.49 | AA32: =IF(J$10=0,0,ROUND(AA31-(J32-AQ32),2)) -> 0 | AB32: =IF(K$10=0,0,ROUND(AB31-(K32-AR32),2)) -> 0 | AC32: =IF(L$10=0,0,ROUND(AC31-(L32-AS32),2)) -> 0 | ... AJ32: =IF(S$10=0,0,ROUND(AJ31-(S32-AZ32),2)) -> 0 | AL32: =ROUND(V31*E$11/12,2) -> 0 | AM32: =ROUND(W31*F$11/12,2) -> 0 | AN32: =ROUND(X31*G$11/12,2) -> 0 | AO32: =ROUND(Y31*H$11/12,2) -> 71.88 | AP32: =ROUND(Z31*I$11/12,2) -> 49.94 | AQ32: =ROUND(AA31*J$11/12,2) -> 0 | AR32: =ROUND(AB31*K$11/12,2) -> 0 | AS32: =ROUND(AC31*L$11/12,2) -> 0 | ... AZ32: =ROUND(AJ31*S$11/12,2) -> 0 | BA32: =SUM(AL32:AZ32) -> 121.82 | BC32: =IF(V31>0,IF((V31+AL32)<E$12,V31+AL32,E$12),0) -> 0 | BD32: =IF(W31>0,IF((W31+AM32)<F$12,W31+AM32,F$12),0) -> 0 | BE32: =IF(X31>0,IF((X31+AN32)<G$12,X31+AN32,G$12),0) -> 0 | BF32: =IF(Y31>0,IF((Y31+AO32)<H$12,Y31+AO32,H$12),0) -> 150 | BG32: =IF(Z31>0,IF((Z31+AP32)<I$12,Z31+AP32,I$12),0) -> 125 | BH32: =IF(AA31>0,IF((AA31+AQ32)<J$12,AA31+AQ32,J$12),0) -> 0 | BI32: =IF(AB31>0,IF((AB31+AR32)<K$12,AB31+AR32,K$12),0) -> 0 | BJ32: =IF(AC31>0,IF((AC31+AS32)<L$12,AC31+AS32,L$12),0) -> 0 | ... BQ32: =IF(AJ31>0,IF((AJ31+AZ32)<S$12,AJ31+AZ32,S$12),0) -> 0 | BR32: =SUM(BC32:BQ32) -> 275 | BT32: =IF(V31<=0,0,IF(BC32+$C32>V31+AL32,V31+AL32-BC32,$C32)) -> 0 | BU32: =IF(W31<=0,0,IF($C32<=SUM($BT32:BT32),0,IF(BD32+$C32-SUM($BT32:BT32)>W31+AM32,W31+AM32-BD32,$C32-SUM($BT32:BT32)))) -> 0 | BV32: =IF(X31<=0,0,IF($C32<=SUM($BT32:BU32),0,IF(BE32+$C32-SUM($BT32:BU32)>X31+AN32,X31+AN32-BE32,$C32-SUM($BT32:BU32)))) -> 0 | BW32: =IF(Y31<=0,0,IF($C32<=SUM($BT32:BV32),0,IF(BF32+$C32-SUM($BT32:BV32)>Y31+AO32,Y31+AO32-BF32,$C32-SUM($BT32:BV32)))) -> 725 | BX32: =IF(Z31<=0,0,IF($C32<=SUM($BT32:BW32),0,IF(BG32+$C32-SUM($BT32:BW32)>Z31+AP32,Z31+AP32-BG32,$C32-SUM($BT32:BW32)))) -> 0 | BY32: =IF(AA31<=0,0,IF($C32<=SUM($BT32:BX32),0,IF(BH32+$C32-SUM($BT32:BX32)>AA31+AQ32,AA31+AQ32-BH32,$C32-SUM($BT32:BX32)))) -> 0 | BZ32: =IF(AB31<=0,0,IF($C32<=SUM($BT32:BY32),0,IF(BI32+$C32-SUM($BT32:BY32)>AB31+AR32,AB31+AR32-BI32,$C32-SUM($BT32:BY32)))) -> 0 | CA32: =IF(AC31<=0,0,IF($C32<=SUM($BT32:BZ32),0,IF(BJ32+$C32-SUM($BT32:BZ32)>AC31+AS32,AC31+AS32-BJ32,$C32-SUM($BT32:BZ32)))) -> 0 | CB32: =IF(AD31<=0,0,IF($C32<=SUM($BT32:CA32),0,IF(BK32+$C32-SUM($BT32:CA32)>AD31+AT32,AD31+AT32-BK32,$C32-SUM($BT32:CA32)))) -> 0 | ... CH32: =IF(AJ31<=0,0,IF($C32<=SUM($BT32:CG32),0,IF(BQ32+$C32-SUM($BT32:CG32)>AJ31+AZ32,AJ31+AZ32-BQ32,$C32-SUM($BT32:CG32)))) -> 0
... A380: =IF(SUM(V379:AJ379)<=0,"",A379+1) | B380: =IF(A380="",NA(),DATE(YEAR(B379),MONTH(B379)+1,1)) -> #N/A | C380: =IF(A380="","",IF(snowball,IF(($E$5-BR380)<0,0,$E$5-BR380),0)+D380) | E380: =BC380+BT380 -> 0 | F380: =BD380+BU380 -> 0 | G380: =BE380+BV380 -> 0 | H380: =BF380+BW380 -> 0 | I380: =BG380+BX380 -> 0 | J380: =BH380+BY380 -> 0 | K380: =BI380+BZ380 -> 0 | L380: =BJ380+CA380 -> 0 | ... S380: =BQ380+CH380 -> 0 | U380: =SUM(V380:AJ380) -> 0 | V380: =IF(E$10=0,0,ROUND(V379-(E380-AL380),2)) -> 0 | W380: =IF(F$10=0,0,ROUND(W379-(F380-AM380),2)) -> 0 | X380: =IF(G$10=0,0,ROUND(X379-(G380-AN380),2)) -> 0 | Y380: =IF(H$10=0,0,ROUND(Y379-(H380-AO380),2)) -> 0 | Z380: =IF(I$10=0,0,ROUND(Z379-(I380-AP380),2)) -> 0 | AA380: =IF(J$10=0,0,ROUND(AA379-(J380-AQ380),2)) -> 0 | AB380: =IF(K$10=0,0,ROUND(AB379-(K380-AR380),2)) -> 0 | AC380: =IF(L$10=0,0,ROUND(AC379-(L380-AS380),2)) -> 0 | ... AJ380: =IF(S$10=0,0,ROUND(AJ379-(S380-AZ380),2)) -> 0 | AL380: =ROUND(V379*E$11/12,2) -> 0 | AM380: =ROUND(W379*F$11/12,2) -> 0 | AN380: =ROUND(X379*G$11/12,2) -> 0 | AO380: =ROUND(Y379*H$11/12,2) -> 0 | AP380: =ROUND(Z379*I$11/12,2) -> 0 | AQ380: =ROUND(AA379*J$11/12,2) -> 0 | AR380: =ROUND(AB379*K$11/12,2) -> 0 | AS380: =ROUND(AC379*L$11/12,2) -> 0 | ... AZ380: =ROUND(AJ379*S$11/12,2) -> 0 | BA380: =SUM(AL380:AZ380) -> 0 | BC380: =IF(V379>0,IF((V379+AL380)<E$12,V379+AL380,E$12),0) -> 0 | BD380: =IF(W379>0,IF((W379+AM380)<F$12,W379+AM380,F$12),0) -> 0 | BE380: =IF(X379>0,IF((X379+AN380)<G$12,X379+AN380,G$12),0) -> 0 | BF380: =IF(Y379>0,IF((Y379+AO380)<H$12,Y379+AO380,H$12),0) -> 0 | BG380: =IF(Z379>0,IF((Z379+AP380)<I$12,Z379+AP380,I$12),0) -> 0 | BH380: =IF(AA379>0,IF((AA379+AQ380)<J$12,AA379+AQ380,J$12),0) -> 0 | BI380: =IF(AB379>0,IF((AB379+AR380)<K$12,AB379+AR380,K$12),0) -> 0 | BJ380: =IF(AC379>0,IF((AC379+AS380)<L$12,AC379+AS380,L$12),0) -> 0 | ... BQ380: =IF(AJ379>0,IF((AJ379+AZ380)<S$12,AJ379+AZ380,S$12),0) -> 0 | BR380: =SUM(BC380:BQ380) -> 0 | BT380: =IF(V379<=0,0,IF(BC380+$C380>V379+AL380,V379+AL380-BC380,$C380)) -> 0 | BU380: =IF(W379<=0,0,IF($C380<=SUM($BT380:BT380),0,IF(BD380+$C380-SUM($BT380:BT380)>W379+AM380,W379+AM380-BD380,$C380-SUM($BT380:BT380)))) -> 0 | BV380: =IF(X379<=0,0,IF($C380<=SUM($BT380:BU380),0,IF(BE380+$C380-SUM($BT380:BU380)>X379+AN380,X379+AN380-BE380,$C380-SUM($BT380:BU380)))) -> 0 | BW380: =IF(Y379<=0,0,IF($C380<=SUM($BT380:BV380),0,IF(BF380+$C380-SUM($BT380:BV380)>Y379+AO380,Y379+AO380-BF380,$C380-SUM($BT380:BV380)))) -> 0 | BX380: =IF(Z379<=0,0,IF($C380<=SUM($BT380:BW380),0,IF(BG380+$C380-SUM($BT380:BW380)>Z379+AP380,Z379+AP380-BG380,$C380-SUM($BT380:BW380)))) -> 0 | BY380: =IF(AA379<=0,0,IF($C380<=SUM($BT380:BX380),0,IF(BH380+$C380-SUM($BT380:BX380)>AA379+AQ380,AA379+AQ380-BH380,$C380-SUM($BT380:BX380)))) -> 0 | BZ380: =IF(AB379<=0,0,IF($C380<=SUM($BT380:BY380),0,IF(BI380+$C380-SUM($BT380:BY380)>AB379+AR380,AB379+AR380-BI380,$C380-SUM($BT380:BY380)))) -> 0 | CA380: =IF(AC379<=0,0,IF($C380<=SUM($BT380:BZ380),0,IF(BJ380+$C380-SUM($BT380:BZ380)>AC379+AS380,AC379+AS380-BJ380,$C380-SUM($BT380:BZ380)))) -> 0 | CB380: =IF(AD379<=0,0,IF($C380<=SUM($BT380:CA380),0,IF(BK380+$C380-SUM($BT380:CA380)>AD379+AT380,AD379+AT380-BK380,$C380-SUM($BT380:CA380)))) -> 0 | ... CH380: =IF(AJ379<=0,0,IF($C380<=SUM($BT380:CG380),0,IF(BQ380+$C380-SUM($BT380:CG380)>AJ379+AZ380,AJ379+AZ380-BQ380,$C380-SUM($BT380:CG380)))) -> 0
BT381: =IF(V380<=0,0,IF(BC381+$C381>V380+AL381,V380+AL381-BC381,$C381)) -> 0 | BU381: =IF(W380<=0,0,IF($C381<=SUM($BT381:BT381),0,IF(BD381+$C381-SUM($BT381:BT381)>W380+AM381,W380+AM381-BD381,$C381-SUM($BT381:BT381)))) -> 0 | BV381: =IF(X380<=0,0,IF($C381<=SUM($BT381:BU381),0,IF(BE381+$C381-SUM($BT381:BU381)>X380+AN381,X380+AN381-BE381,$C381-SUM($BT381:BU381)))) -> 0 | BW381: =IF(Y380<=0,0,IF($C381<=SUM($BT381:BV381),0,IF(BF381+$C381-SUM($BT381:BV381)>Y380+AO381,Y380+AO381-BF381,$C381-SUM($BT381:BV381)))) -> 0 | BX381: =IF(Z380<=0,0,IF($C381<=SUM($BT381:BW381),0,IF(BG381+$C381-SUM($BT381:BW381)>Z380+AP381,Z380+AP381-BG381,$C381-SUM($BT381:BW381)))) -> 0 | BY381: =IF(AA380<=0,0,IF($C381<=SUM($BT381:BX381),0,IF(BH381+$C381-SUM($BT381:BX381)>AA380+AQ381,AA380+AQ381-BH381,$C381-SUM($BT381:BX381)))) -> 0 | BZ381: =IF(AB380<=0,0,IF($C381<=SUM($BT381:BY381),0,IF(BI381+$C381-SUM($BT381:BY381)>AB380+AR381,AB380+AR381-BI381,$C381-SUM($BT381:BY381)))) -> 0 | CA381: =IF(AC380<=0,0,IF($C381<=SUM($BT381:BZ381),0,IF(BJ381+$C381-SUM($BT381:BZ381)>AC380+AS381,AC380+AS381-BJ381,$C381-SUM($BT381:BZ381)))) -> 0 | CB381: =IF(AD380<=0,0,IF($C381<=SUM($BT381:CA381),0,IF(BK381+$C381-SUM($BT381:CA381)>AD380+AT381,AD380+AT381-BK381,$C381-SUM($BT381:CA381)))) -> 0 | ... CH381: =IF(AJ380<=0,0,IF($C381<=SUM($BT381:CG381),0,IF(BQ381+$C381-SUM($BT381:CG381)>AJ380+AZ381,AJ380+AZ381-BQ381,$C381-SUM($BT381:CG381)))) -> 0

Sheet Help
A1: Help
A2: https://www.vertex42.com/Calculators/debt-reduction-calculator.html | C2: ="© 2007-" & YEAR(TODAY()) & " Vertex42 LLC " -> © 2007-2026 Vertex42 LLC
A4: Getting Started
A6: Step 1: | B6: Watch the demo video
B7: The demo shows the free version, but everything in the video applies to this version as well. You can find the video on the following page.
B8: https://www.vertex42.com/Calculators/debt-reduction-calculator.html
A10: Step 2: | B10: Complete the Creditor Information Table. Read the section "Using the Debt Reduction Calculator" on the above web page. Use the cell comments in the column headers to learn more about each column.
A12: Step 3: | B12: Enter a Total Monthly Payment. See the cell comment for more information.
A14: Step 4: | B14: Choose a Payoff Strategy. The various strategies are explained below.
A16: Debt Reduction Strategies
B18: Lowest Balance First: Gives you the benefit of the snowball effect, but you may pay more interest in the end than Highest Interest First. The main benefit of this approach is the psychological effect of seeing the number of debts disappear more quickly.
B20: Highest Interest First: This strategy results in the lowest total interest, but depending on the balance of your higher interest loans, it may take you longer to see your first loan/debt completely paid off. If the difference in the total interest is not significant, than you may get more satisfaction from the Lowest Balance First method.
B22: Order Entered in the Table: You can use the sort feature (Data>Sort) to choose how you want the snowball effect to work. For example, if you want to use a combination of Lowest Balance First AND Highest Interest First, then first select the creditor information table (B7:G22), then go to Data>Sort, and sort by Balance:Ascending and Rate:Descending (or vice versa).
B24: Warning: If you are careful, you can rearrange the order of the entries in the creditor table by copying or cutting and pasting, but if you insert a row above row 1 or after row 10, the formulas will be messed up.
B26: No Snowball: Select this option if you want to see how long it will take to pay off the debts without maintaining a constant monthly payment. In some cases, you may find it will take more than 30 years (resulting in errors in the spreadsheet).
B28: Custom-Highest or Custom-Lowest: You can manually control the order the debts are paid by entering numbers or formulas in the Custom column. For example, if you enter the values 1,2,3,5,4 then rows 4 and 5 will be swapped. You can enter your own formulas as well, whatever they might be.
A30: Other Tips and Information
B32: Minimum Payments: This calculator does not provide the option of making only the minimum monthly payments on credit cards or lines of credit. See tip #3 below.
B34: Tip 1: If you want to use the Lowest Balance First method and you have two debts that are close to the same balance but have very different interest rates, you may see a substantial reduction in the total interest paid if you change the order of the two entries so that you pay the higher rate first. In that case, try using the Order Entered in the Table strategy.
B36: Tip 2: Like Tip 1, if you want to use the Highest Interest Rate method, and you have two debts with similar rates but very different balances, you may want to change the order so that you pay off the lower balance first. This may make very little difference in the total interest, but it can make you feel better faster.
B38: Tip 3: Update the Creditor Information Table every few months. Your minimum payments may change over time as the balance in your accounts change, or if your interest rate changes. You may be able to further reduce your overall interest and reduce the time to pay off your debts, by re-adjusting your minimum payments every few months. This would mean starting over with a fresh template, entering the new Balance Date, and updating the Creditor Information Table.
B40: Tip 4: Snowflaking is a popular term for making occasional extra payments above the normal monthly payment. You can add debt "snowflakes" in the PaymentSchedule worksheet.
A42: Additional Help
B43: The link at the top of this worksheet will take you to the web page on vertex42.com that talks about this template.
A45: Related Templates and Resources
B47: =HYPERLINK("https://www.vertex42.com/Calculators/financial-calculators.html","► More Financial Calculators") -> ► More Financial Calculators
B49: =HYPERLINK("https://www.vertex42.com/ExcelTemplates/budgets.html","► Budget Templates") -> ► Budget Templates

Sheet Chart1
A1: Current Debt vs. Start Debt
A2: Everything on this worksheet is updated automatically | I2: ="© 2019-" & YEAR(TODAY()) & " Vertex42 LLC " -> © 2019-2026 Vertex42 LLC
B5: Creditors in Chosen Order | C5: Start Debt | D5: Current Balance | E5: Debt Paid
B6: =IF(Calculator!B32="",NA(),Calculator!B32) -> Card #1 | C6: =IF($B6="",NA(),Calculator!C32) -> 2000 | D6: =IF($B6="",NA(),Calculator!D32) -> 1500 | E6: =C6-D6 -> 500
B7: =IF(Calculator!B33="",NA(),Calculator!B33) -> Card #2 | C7: =IF($B7="",NA(),Calculator!C33) -> 4000 | D7: =IF($B7="",NA(),Calculator!D33) -> 2500 | E7: =C7-D7 -> 1500
B8: =IF(Calculator!B34="",NA(),Calculator!B34) -> Auto Loan | C8: =IF($B8="",NA(),Calculator!C34) -> 5000 | D8: =IF($B8="",NA(),Calculator!D34) -> 3200 | E8: =C8-D8 -> 1800
B9: =IF(Calculator!B35="",NA(),Calculator!B35) -> Card #3 | C9: =IF($B9="",NA(),Calculator!C35) -> 10000 | D9: =IF($B9="",NA(),Calculator!D35) -> 7542 | E9: =C9-D9 -> 2458
B10: =IF(Calculator!B36="",NA(),Calculator!B36) -> Student Loan #1 | C10: =IF($B10="",NA(),Calculator!C36) -> 20000 | D10: =IF($B10="",NA(),Calculator!D36) -> 15790 | E10: =C10-D10 -> 4210
B11: =IF(Calculator!B37="","-",Calculator!B37) -> - | C11: =IF($B11="",NA(),Calculator!C37) -> 0 | D11: =IF($B11="",NA(),Calculator!D37) -> 0 | E11: =C11-D11 -> 0
B12: =IF(Calculator!B38="","-",Calculator!B38) -> - | C12: =IF($B12="",NA(),Calculator!C38) -> 0 | D12: =IF($B12="",NA(),Calculator!D38) -> 0 | E12: =C12-D12 -> 0
B13: =IF(Calculator!B39="","-",Calculator!B39) -> - | C13: =IF($B13="",NA(),Calculator!C39) -> 0 | D13: =IF($B13="",NA(),Calculator!D39) -> 0 | E13: =C13-D13 -> 0
B14: =IF(Calculator!B40="","-",Calculator!B40) -> - | C14: =IF($B14="",NA(),Calculator!C40) -> 0 | D14: =IF($B14="",NA(),Calculator!D40) -> 0 | E14: =C14-D14 -> 0
B15: =IF(Calculator!B41="","-",Calculator!B41) -> - | C15: =IF($B15="",NA(),Calculator!C41) -> 0 | D15: =IF($B15="",NA(),Calculator!D41) -> 0 | E15: =C15-D15 -> 0
B16: =IF(Calculator!B42="","-",Calculator!B42) -> - | C16: =IF($B16="",NA(),Calculator!C42) -> 0 | D16: =IF($B16="",NA(),Calculator!D42) -> 0 | E16: =C16-D16 -> 0
B17: =IF(Calculator!B43="","-",Calculator!B43) -> - | C17: =IF($B17="",NA(),Calculator!C43) -> 0 | D17: =IF($B17="",NA(),Calculator!D43) -> 0 | E17: =C17-D17 -> 0
B18: =IF(Calculator!B44="","-",Calculator!B44) -> - | C18: =IF($B18="",NA(),Calculator!C44) -> 0 | D18: =IF($B18="",NA(),Calculator!D44) -> 0 | E18: =C18-D18 -> 0
B19: =IF(Calculator!B45="","-",Calculator!B45) -> - | C19: =IF($B19="",NA(),Calculator!C45) -> 0 | D19: =IF($B19="",NA(),Calculator!D45) -> 0 | E19: =C19-D19 -> 0
B20: =IF(Calculator!B46="","-",Calculator!B46) -> - | C20: =IF($B20="",NA(),Calculator!C46) -> 0 | D20: =IF($B20="",NA(),Calculator!D46) -> 0 | E20: =C20-D20 -> 0
B21: TOTAL: | C21: =SUM(C6:C20) -> 41000 | D21: =SUM(D6:D20) -> 30532 | E21: =SUM(E6:E20) -> 10468

Sheet Chart2
A1: My Debt Freedom Chart
A2: Everything on this worksheet is updated automatically | H2: ="© 2019-" & YEAR(TODAY()) & " Vertex42 LLC " -> © 2019-2026 Vertex42 LLC
G5: START DEBT
G6: =Calculator!C23 -> 41000
G8: CURRENT DEBT
G9: =Calculator!D23 -> 30532
G11: PAID OFF
G12: =G6-G9 -> 10468

Sheet Chart3
A1: My Debt Free Journey
A2: Enter the Date and the current Debt balance each month. | L2: ="© 2019-" & YEAR(TODAY()) & " Vertex42 LLC " -> © 2019-2026 Vertex42 LLC
B4: Date | C4: Debt | D4: Paid Off
B5: 43374 | C5: 25000 | D5: =IF(NOT(ISBLANK(C5)),$C$5-C5,"") -> 0
B6: =EDATE(B5,1) -> 43405 | C6: 24690 | D6: =IF(NOT(ISBLANK(C6)),$C$5-C6,"") -> 310
B7: =EDATE(B6,1) -> 43435 | C7: 22933 | D7: =IF(NOT(ISBLANK(C7)),$C$5-C7,"") -> 2067
B8: =EDATE(B7,1) -> 43466 | C8: 21965 | D8: =IF(NOT(ISBLANK(C8)),$C$5-C8,"") -> 3035
B9: =EDATE(B8,1) -> 43497 | C9: 20317 | D9: =IF(NOT(ISBLANK(C9)),$C$5-C9,"") -> 4683
B10: =EDATE(B9,1) -> 43525 | C10: 19181 | D10: =IF(NOT(ISBLANK(C10)),$C$5-C10,"") -> 5819
B11: =EDATE(B10,1) -> 43556 | C11: 17564 | D11: =IF(NOT(ISBLANK(C11)),$C$5-C11,"") -> 7436
B12: =EDATE(B11,1) -> 43586 | C12: 16557 | D12: =IF(NOT(ISBLANK(C12)),$C$5-C12,"") -> 8443
B13: =EDATE(B12,1) -> 43617 | C13: 15893 | D13: =IF(NOT(ISBLANK(C13)),$C$5-C13,"") -> 9107
B14: =EDATE(B13,1) -> 43647 | C14: 14054 | D14: =IF(NOT(ISBLANK(C14)),$C$5-C14,"") -> 10946
B15: =EDATE(B14,1) -> 43678 | C15: 12090 | D15: =IF(NOT(ISBLANK(C15)),$C$5-C15,"") -> 12910
B16: =EDATE(B15,1) -> 43709 | C16: 11500 | D16: =IF(NOT(ISBLANK(C16)),$C$5-C16,"") -> 13500
D17: =IF(NOT(ISBLANK(C17)),$C$5-C17,"")
D18: =IF(NOT(ISBLANK(C18)),$C$5-C18,"")
D19: =IF(NOT(ISBLANK(C19)),$C$5-C19,"")
D20: =IF(NOT(ISBLANK(C20)),$C$5-C20,"")
D21: =IF(NOT(ISBLANK(C21)),$C$5-C21,"")
D22: =IF(NOT(ISBLANK(C22)),$C$5-C22,"")
D23: =IF(NOT(ISBLANK(C23)),$C$5-C23,"")
D24: =IF(NOT(ISBLANK(C24)),$C$5-C24,"")
D25: =IF(NOT(ISBLANK(C25)),$C$5-C25,"")
D26: =IF(NOT(ISBLANK(C26)),$C$5-C26,"")
D27: =IF(NOT(ISBLANK(C27)),$C$5-C27,"")
D28: =IF(NOT(ISBLANK(C28)),$C$5-C28,"")
... D60: =IF(NOT(ISBLANK(C60)),$C$5-C60,"")

Sheet Chart4
A1: Debt Snowball - Size of Payments Over Time
A2: Everything on this worksheet is updated automatically | AE2: ="© 2019-" & YEAR(TODAY()) & " Vertex42 LLC " -> © 2019-2026 Vertex42 LLC
A4: Date | B4: =Schedule!E19 -> Card #1 | D4: =Schedule!F19 -> Card #2 | F4: =Schedule!G19 -> Auto Loan | H4: =Schedule!H19 -> Card #3 | J4: =Schedule!I19 -> Student Loan #1 | L4: =Schedule!J19 | N4: =Schedule!K19 | P4: =Schedule!L19 | R4: =Schedule!M19 | T4: =Schedule!N19 | V4: =Schedule!O19 | X4: =Schedule!P19 | Z4: =Schedule!Q19 | AB4: =Schedule!R19 | AD4: =Schedule!S19
A5: =IF(ISNA(Schedule!B20),NA(),Schedule!B20) -> 46235 | B5: =IF(OR(ROW()=2,C5<>0),-COLUMN()/2-1,NA()) -> #N/A | C5: =Schedule!E20 -> 0 | D5: =IF(OR(ROW()=2,E5<>0),-COLUMN()/2-1,NA()) -> #N/A | E5: =Schedule!F20 -> 0 | F5: =IF(OR(ROW()=2,G5<>0),-COLUMN()/2-1,NA()) -> #N/A | G5: =Schedule!G20 -> 0 | H5: =IF(OR(ROW()=2,I5<>0),-COLUMN()/2-1,NA()) -> #N/A | I5: =Schedule!H20 -> 0 | J5: =IF(OR(ROW()=2,K5<>0),-COLUMN()/2-1,NA()) -> #N/A | K5: =Schedule!I20 -> 0 | L5: =IF(OR(ROW()=2,M5<>0),-COLUMN()/2-1,NA()) -> #N/A | M5: =Schedule!J20 -> 0 | N5: =IF(OR(ROW()=2,O5<>0),-COLUMN()/2-1,NA()) -> #N/A | O5: =Schedule!K20 -> 0 | P5: =IF(OR(ROW()=2,Q5<>0),-COLUMN()/2-1,NA()) -> #N/A | Q5: =Schedule!L20 -> 0 | R5: =IF(OR(ROW()=2,S5<>0),-COLUMN()/2-1,NA()) -> #N/A | S5: =Schedule!M20 -> 0 | T5: =IF(OR(ROW()=2,U5<>0),-COLUMN()/2-1,NA()) -> #N/A | U5: =Schedule!N20 -> 0 | V5: =IF(OR(ROW()=2,W5<>0),-COLUMN()/2-1,NA()) -> #N/A | W5: =Schedule!O20 -> 0 | X5: =IF(OR(ROW()=2,Y5<>0),-COLUMN()/2-1,NA()) -> #N/A | Y5: =Schedule!P20 -> 0 | Z5: =IF(OR(ROW()=2,AA5<>0),-COLUMN()/2-1,NA()) -> #N/A | AA5: =Schedule!Q20 -> 0 | AB5: =IF(OR(ROW()=2,AC5<>0),-COLUMN()/2-1,NA()) -> #N/A | AC5: =Schedule!R20 -> 0 | AD5: =IF(OR(ROW()=2,AE5<>0),-COLUMN()/2-1,NA()) -> #N/A | AE5: =Schedule!S20 -> 0
A6: =IF(ISNA(Schedule!B21),NA(),Schedule!B21) -> 46266 | B6: =IF(OR(ROW()=2,C6<>0),-COLUMN()/2-1,NA()) -> -2 | C6: =Schedule!E21 -> 450 | D6: =IF(OR(ROW()=2,E6<>0),-COLUMN()/2-1,NA()) -> -3 | E6: =Schedule!F21 -> 50 | F6: =IF(OR(ROW()=2,G6<>0),-COLUMN()/2-1,NA()) -> -4 | G6: =Schedule!G21 -> 225 | H6: =IF(OR(ROW()=2,I6<>0),-COLUMN()/2-1,NA()) -> -5 | I6: =Schedule!H21 -> 150 | J6: =IF(OR(ROW()=2,K6<>0),-COLUMN()/2-1,NA()) -> -6 | K6: =Schedule!I21 -> 125 | L6: =IF(OR(ROW()=2,M6<>0),-COLUMN()/2-1,NA()) -> #N/A | M6: =Schedule!J21 -> 0 | N6: =IF(OR(ROW()=2,O6<>0),-COLUMN()/2-1,NA()) -> #N/A | O6: =Schedule!K21 -> 0 | P6: =IF(OR(ROW()=2,Q6<>0),-COLUMN()/2-1,NA()) -> #N/A | Q6: =Schedule!L21 -> 0 | R6: =IF(OR(ROW()=2,S6<>0),-COLUMN()/2-1,NA()) -> #N/A | S6: =Schedule!M21 -> 0 | T6: =IF(OR(ROW()=2,U6<>0),-COLUMN()/2-1,NA()) -> #N/A | U6: =Schedule!N21 -> 0 | V6: =IF(OR(ROW()=2,W6<>0),-COLUMN()/2-1,NA()) -> #N/A | W6: =Schedule!O21 -> 0 | X6: =IF(OR(ROW()=2,Y6<>0),-COLUMN()/2-1,NA()) -> #N/A | Y6: =Schedule!P21 -> 0 | Z6: =IF(OR(ROW()=2,AA6<>0),-COLUMN()/2-1,NA()) -> #N/A | AA6: =Schedule!Q21 -> 0 | AB6: =IF(OR(ROW()=2,AC6<>0),-COLUMN()/2-1,NA()) -> #N/A | AC6: =Schedule!R21 -> 0 | AD6: =IF(OR(ROW()=2,AE6<>0),-COLUMN()/2-1,NA()) -> #N/A | AE6: =Schedule!S21 -> 0
A7: =IF(ISNA(Schedule!B22),NA(),Schedule!B22) -> 46296 | B7: =IF(OR(ROW()=2,C7<>0),-COLUMN()/2-1,NA()) -> -2 | C7: =Schedule!E22 -> 450 | D7: =IF(OR(ROW()=2,E7<>0),-COLUMN()/2-1,NA()) -> -3 | E7: =Schedule!F22 -> 50 | F7: =IF(OR(ROW()=2,G7<>0),-COLUMN()/2-1,NA()) -> -4 | G7: =Schedule!G22 -> 225 | H7: =IF(OR(ROW()=2,I7<>0),-COLUMN()/2-1,NA()) -> -5 | I7: =Schedule!H22 -> 150 | J7: =IF(OR(ROW()=2,K7<>0),-COLUMN()/2-1,NA()) -> -6 | K7: =Schedule!I22 -> 125 | L7: =IF(OR(ROW()=2,M7<>0),-COLUMN()/2-1,NA()) -> #N/A | M7: =Schedule!J22 -> 0 | N7: =IF(OR(ROW()=2,O7<>0),-COLUMN()/2-1,NA()) -> #N/A | O7: =Schedule!K22 -> 0 | P7: =IF(OR(ROW()=2,Q7<>0),-COLUMN()/2-1,NA()) -> #N/A | Q7: =Schedule!L22 -> 0 | R7: =IF(OR(ROW()=2,S7<>0),-COLUMN()/2-1,NA()) -> #N/A | S7: =Schedule!M22 -> 0 | T7: =IF(OR(ROW()=2,U7<>0),-COLUMN()/2-1,NA()) -> #N/A | U7: =Schedule!N22 -> 0 | V7: =IF(OR(ROW()=2,W7<>0),-COLUMN()/2-1,NA()) -> #N/A | W7: =Schedule!O22 -> 0 | X7: =IF(OR(ROW()=2,Y7<>0),-COLUMN()/2-1,NA()) -> #N/A | Y7: =Schedule!P22 -> 0 | Z7: =IF(OR(ROW()=2,AA7<>0),-COLUMN()/2-1,NA()) -> #N/A | AA7: =Schedule!Q22 -> 0 | AB7: =IF(OR(ROW()=2,AC7<>0),-COLUMN()/2-1,NA()) -> #N/A | AC7: =Schedule!R22 -> 0 | AD7: =IF(OR(ROW()=2,AE7<>0),-COLUMN()/2-1,NA()) -> #N/A | AE7: =Schedule!S22 -> 0
A8: =IF(ISNA(Schedule!B23),NA(),Schedule!B23) -> 46327 | B8: =IF(OR(ROW()=2,C8<>0),-COLUMN()/2-1,NA()) -> -2 | C8: =Schedule!E23 -> 450 | D8: =IF(OR(ROW()=2,E8<>0),-COLUMN()/2-1,NA()) -> -3 | E8: =Schedule!F23 -> 50 | F8: =IF(OR(ROW()=2,G8<>0),-COLUMN()/2-1,NA()) -> -4 | G8: =Schedule!G23 -> 225 | H8: =IF(OR(ROW()=2,I8<>0),-COLUMN()/2-1,NA()) -> -5 | I8: =Schedule!H23 -> 150 | J8: =IF(OR(ROW()=2,K8<>0),-COLUMN()/2-1,NA()) -> -6 | K8: =Schedule!I23 -> 125 | L8: =IF(OR(ROW()=2,M8<>0),-COLUMN()/2-1,NA()) -> #N/A | M8: =Schedule!J23 -> 0 | N8: =IF(OR(ROW()=2,O8<>0),-COLUMN()/2-1,NA()) -> #N/A | O8: =Schedule!K23 -> 0 | P8: =IF(OR(ROW()=2,Q8<>0),-COLUMN()/2-1,NA()) -> #N/A | Q8: =Schedule!L23 -> 0 | R8: =IF(OR(ROW()=2,S8<>0),-COLUMN()/2-1,NA()) -> #N/A | S8: =Schedule!M23 -> 0 | T8: =IF(OR(ROW()=2,U8<>0),-COLUMN()/2-1,NA()) -> #N/A | U8: =Schedule!N23 -> 0 | V8: =IF(OR(ROW()=2,W8<>0),-COLUMN()/2-1,NA()) -> #N/A | W8: =Schedule!O23 -> 0 | X8: =IF(OR(ROW()=2,Y8<>0),-COLUMN()/2-1,NA()) -> #N/A | Y8: =Schedule!P23 -> 0 | Z8: =IF(OR(ROW()=2,AA8<>0),-COLUMN()/2-1,NA()) -> #N/A | AA8: =Schedule!Q23 -> 0 | AB8: =IF(OR(ROW()=2,AC8<>0),-COLUMN()/2-1,NA()) -> #N/A | AC8: =Schedule!R23 -> 0 | AD8: =IF(OR(ROW()=2,AE8<>0),-COLUMN()/2-1,NA()) -> #N/A | AE8: =Schedule!S23 -> 0
A9: =IF(ISNA(Schedule!B24),NA(),Schedule!B24) -> 46357 | B9: =IF(OR(ROW()=2,C9<>0),-COLUMN()/2-1,NA()) -> -2 | C9: =Schedule!E24 -> 186.6 | D9: =IF(OR(ROW()=2,E9<>0),-COLUMN()/2-1,NA()) -> -3 | E9: =Schedule!F24 -> 313.4 | F9: =IF(OR(ROW()=2,G9<>0),-COLUMN()/2-1,NA()) -> -4 | G9: =Schedule!G24 -> 225 | H9: =IF(OR(ROW()=2,I9<>0),-COLUMN()/2-1,NA()) -> -5 | I9: =Schedule!H24 -> 150 | J9: =IF(OR(ROW()=2,K9<>0),-COLUMN()/2-1,NA()) -> -6 | K9: =Schedule!I24 -> 125 | L9: =IF(OR(ROW()=2,M9<>0),-COLUMN()/2-1,NA()) -> #N/A | M9: =Schedule!J24 -> 0 | N9: =IF(OR(ROW()=2,O9<>0),-COLUMN()/2-1,NA()) -> #N/A | O9: =Schedule!K24 -> 0 | P9: =IF(OR(ROW()=2,Q9<>0),-COLUMN()/2-1,NA()) -> #N/A | Q9: =Schedule!L24 -> 0 | R9: =IF(OR(ROW()=2,S9<>0),-COLUMN()/2-1,NA()) -> #N/A | S9: =Schedule!M24 -> 0 | T9: =IF(OR(ROW()=2,U9<>0),-COLUMN()/2-1,NA()) -> #N/A | U9: =Schedule!N24 -> 0 | V9: =IF(OR(ROW()=2,W9<>0),-COLUMN()/2-1,NA()) -> #N/A | W9: =Schedule!O24 -> 0 | X9: =IF(OR(ROW()=2,Y9<>0),-COLUMN()/2-1,NA()) -> #N/A | Y9: =Schedule!P24 -> 0 | Z9: =IF(OR(ROW()=2,AA9<>0),-COLUMN()/2-1,NA()) -> #N/A | AA9: =Schedule!Q24 -> 0 | AB9: =IF(OR(ROW()=2,AC9<>0),-COLUMN()/2-1,NA()) -> #N/A | AC9: =Schedule!R24 -> 0 | AD9: =IF(OR(ROW()=2,AE9<>0),-COLUMN()/2-1,NA()) -> #N/A | AE9: =Schedule!S24 -> 0
A10: =IF(ISNA(Schedule!B25),NA(),Schedule!B25) -> 46388 | B10: =IF(OR(ROW()=2,C10<>0),-COLUMN()/2-1,NA()) -> #N/A | C10: =Schedule!E25 -> 0 | D10: =IF(OR(ROW()=2,E10<>0),-COLUMN()/2-1,NA()) -> -3 | E10: =Schedule!F25 -> 500 | F10: =IF(OR(ROW()=2,G10<>0),-COLUMN()/2-1,NA()) -> -4 | G10: =Schedule!G25 -> 225 | H10: =IF(OR(ROW()=2,I10<>0),-COLUMN()/2-1,NA()) -> -5 | I10: =Schedule!H25 -> 150 | J10: =IF(OR(ROW()=2,K10<>0),-COLUMN()/2-1,NA()) -> -6 | K10: =Schedule!I25 -> 125 | L10: =IF(OR(ROW()=2,M10<>0),-COLUMN()/2-1,NA()) -> #N/A | M10: =Schedule!J25 -> 0 | N10: =IF(OR(ROW()=2,O10<>0),-COLUMN()/2-1,NA()) -> #N/A | O10: =Schedule!K25 -> 0 | P10: =IF(OR(ROW()=2,Q10<>0),-COLUMN()/2-1,NA()) -> #N/A | Q10: =Schedule!L25 -> 0 | R10: =IF(OR(ROW()=2,S10<>0),-COLUMN()/2-1,NA()) -> #N/A | S10: =Schedule!M25 -> 0 | T10: =IF(OR(ROW()=2,U10<>0),-COLUMN()/2-1,NA()) -> #N/A | U10: =Schedule!N25 -> 0 | V10: =IF(OR(ROW()=2,W10<>0),-COLUMN()/2-1,NA()) -> #N/A | W10: =Schedule!O25 -> 0 | X10: =IF(OR(ROW()=2,Y10<>0),-COLUMN()/2-1,NA()) -> #N/A | Y10: =Schedule!P25 -> 0 | Z10: =IF(OR(ROW()=2,AA10<>0),-COLUMN()/2-1,NA()) -> #N/A | AA10: =Schedule!Q25 -> 0 | AB10: =IF(OR(ROW()=2,AC10<>0),-COLUMN()/2-1,NA()) -> #N/A | AC10: =Schedule!R25 -> 0 | AD10: =IF(OR(ROW()=2,AE10<>0),-COLUMN()/2-1,NA()) -> #N/A | AE10: =Schedule!S25 -> 0
A11: =IF(ISNA(Schedule!B26),NA(),Schedule!B26) -> 46419 | B11: =IF(OR(ROW()=2,C11<>0),-COLUMN()/2-1,NA()) -> #N/A | C11: =Schedule!E26 -> 0 | D11: =IF(OR(ROW()=2,E11<>0),-COLUMN()/2-1,NA()) -> -3 | E11: =Schedule!F26 -> 500 | F11: =IF(OR(ROW()=2,G11<>0),-COLUMN()/2-1,NA()) -> -4 | G11: =Schedule!G26 -> 225 | H11: =IF(OR(ROW()=2,I11<>0),-COLUMN()/2-1,NA()) -> -5 | I11: =Schedule!H26 -> 150 | J11: =IF(OR(ROW()=2,K11<>0),-COLUMN()/2-1,NA()) -> -6 | K11: =Schedule!I26 -> 125 | L11: =IF(OR(ROW()=2,M11<>0),-COLUMN()/2-1,NA()) -> #N/A | M11: =Schedule!J26 -> 0 | N11: =IF(OR(ROW()=2,O11<>0),-COLUMN()/2-1,NA()) -> #N/A | O11: =Schedule!K26 -> 0 | P11: =IF(OR(ROW()=2,Q11<>0),-COLUMN()/2-1,NA()) -> #N/A | Q11: =Schedule!L26 -> 0 | R11: =IF(OR(ROW()=2,S11<>0),-COLUMN()/2-1,NA()) -> #N/A | S11: =Schedule!M26 -> 0 | T11: =IF(OR(ROW()=2,U11<>0),-COLUMN()/2-1,NA()) -> #N/A | U11: =Schedule!N26 -> 0 | V11: =IF(OR(ROW()=2,W11<>0),-COLUMN()/2-1,NA()) -> #N/A | W11: =Schedule!O26 -> 0 | X11: =IF(OR(ROW()=2,Y11<>0),-COLUMN()/2-1,NA()) -> #N/A | Y11: =Schedule!P26 -> 0 | Z11: =IF(OR(ROW()=2,AA11<>0),-COLUMN()/2-1,NA()) -> #N/A | AA11: =Schedule!Q26 -> 0 | AB11: =IF(OR(ROW()=2,AC11<>0),-COLUMN()/2-1,NA()) -> #N/A | AC11: =Schedule!R26 -> 0 | AD11: =IF(OR(ROW()=2,AE11<>0),-COLUMN()/2-1,NA()) -> #N/A | AE11: =Schedule!S26 -> 0
A12: =IF(ISNA(Schedule!B27),NA(),Schedule!B27) -> 46447 | B12: =IF(OR(ROW()=2,C12<>0),-COLUMN()/2-1,NA()) -> #N/A | C12: =Schedule!E27 -> 0 | D12: =IF(OR(ROW()=2,E12<>0),-COLUMN()/2-1,NA()) -> -3 | E12: =Schedule!F27 -> 500 | F12: =IF(OR(ROW()=2,G12<>0),-COLUMN()/2-1,NA()) -> -4 | G12: =Schedule!G27 -> 225 | H12: =IF(OR(ROW()=2,I12<>0),-COLUMN()/2-1,NA()) -> -5 | I12: =Schedule!H27 -> 150 | J12: =IF(OR(ROW()=2,K12<>0),-COLUMN()/2-1,NA()) -> -6 | K12: =Schedule!I27 -> 125 | L12: =IF(OR(ROW()=2,M12<>0),-COLUMN()/2-1,NA()) -> #N/A | M12: =Schedule!J27 -> 0 | N12: =IF(OR(ROW()=2,O12<>0),-COLUMN()/2-1,NA()) -> #N/A | O12: =Schedule!K27 -> 0 | P12: =IF(OR(ROW()=2,Q12<>0),-COLUMN()/2-1,NA()) -> #N/A | Q12: =Schedule!L27 -> 0 | R12: =IF(OR(ROW()=2,S12<>0),-COLUMN()/2-1,NA()) -> #N/A | S12: =Schedule!M27 -> 0 | T12: =IF(OR(ROW()=2,U12<>0),-COLUMN()/2-1,NA()) -> #N/A | U12: =Schedule!N27 -> 0 | V12: =IF(OR(ROW()=2,W12<>0),-COLUMN()/2-1,NA()) -> #N/A | W12: =Schedule!O27 -> 0 | X12: =IF(OR(ROW()=2,Y12<>0),-COLUMN()/2-1,NA()) -> #N/A | Y12: =Schedule!P27 -> 0 | Z12: =IF(OR(ROW()=2,AA12<>0),-COLUMN()/2-1,NA()) -> #N/A | AA12: =Schedule!Q27 -> 0 | AB12: =IF(OR(ROW()=2,AC12<>0),-COLUMN()/2-1,NA()) -> #N/A | AC12: =Schedule!R27 -> 0 | AD12: =IF(OR(ROW()=2,AE12<>0),-COLUMN()/2-1,NA()) -> #N/A | AE12: =Schedule!S27 -> 0
A13: =IF(ISNA(Schedule!B28),NA(),Schedule!B28) -> 46478 | B13: =IF(OR(ROW()=2,C13<>0),-COLUMN()/2-1,NA()) -> #N/A | C13: =Schedule!E28 -> 0 | D13: =IF(OR(ROW()=2,E13<>0),-COLUMN()/2-1,NA()) -> -3 | E13: =Schedule!F28 -> 500 | F13: =IF(OR(ROW()=2,G13<>0),-COLUMN()/2-1,NA()) -> -4 | G13: =Schedule!G28 -> 225 | H13: =IF(OR(ROW()=2,I13<>0),-COLUMN()/2-1,NA()) -> -5 | I13: =Schedule!H28 -> 150 | J13: =IF(OR(ROW()=2,K13<>0),-COLUMN()/2-1,NA()) -> -6 | K13: =Schedule!I28 -> 125 | L13: =IF(OR(ROW()=2,M13<>0),-COLUMN()/2-1,NA()) -> #N/A | M13: =Schedule!J28 -> 0 | N13: =IF(OR(ROW()=2,O13<>0),-COLUMN()/2-1,NA()) -> #N/A | O13: =Schedule!K28 -> 0 | P13: =IF(OR(ROW()=2,Q13<>0),-COLUMN()/2-1,NA()) -> #N/A | Q13: =Schedule!L28 -> 0 | R13: =IF(OR(ROW()=2,S13<>0),-COLUMN()/2-1,NA()) -> #N/A | S13: =Schedule!M28 -> 0 | T13: =IF(OR(ROW()=2,U13<>0),-COLUMN()/2-1,NA()) -> #N/A | U13: =Schedule!N28 -> 0 | V13: =IF(OR(ROW()=2,W13<>0),-COLUMN()/2-1,NA()) -> #N/A | W13: =Schedule!O28 -> 0 | X13: =IF(OR(ROW()=2,Y13<>0),-COLUMN()/2-1,NA()) -> #N/A | Y13: =Schedule!P28 -> 0 | Z13: =IF(OR(ROW()=2,AA13<>0),-COLUMN()/2-1,NA()) -> #N/A | AA13: =Schedule!Q28 -> 0 | AB13: =IF(OR(ROW()=2,AC13<>0),-COLUMN()/2-1,NA()) -> #N/A | AC13: =Schedule!R28 -> 0 | AD13: =IF(OR(ROW()=2,AE13<>0),-COLUMN()/2-1,NA()) -> #N/A | AE13: =Schedule!S28 -> 0
A14: =IF(ISNA(Schedule!B29),NA(),Schedule!B29) -> 46508 | B14: =IF(OR(ROW()=2,C14<>0),-COLUMN()/2-1,NA()) -> #N/A | C14: =Schedule!E29 -> 0 | D14: =IF(OR(ROW()=2,E14<>0),-COLUMN()/2-1,NA()) -> -3 | E14: =Schedule!F29 -> 193.5 | F14: =IF(OR(ROW()=2,G14<>0),-COLUMN()/2-1,NA()) -> -4 | G14: =Schedule!G29 -> 531.5 | H14: =IF(OR(ROW()=2,I14<>0),-COLUMN()/2-1,NA()) -> -5 | I14: =Schedule!H29 -> 150 | J14: =IF(OR(ROW()=2,K14<>0),-COLUMN()/2-1,NA()) -> -6 | K14: =Schedule!I29 -> 125 | L14: =IF(OR(ROW()=2,M14<>0),-COLUMN()/2-1,NA()) -> #N/A | M14: =Schedule!J29 -> 0 | N14: =IF(OR(ROW()=2,O14<>0),-COLUMN()/2-1,NA()) -> #N/A | O14: =Schedule!K29 -> 0 | P14: =IF(OR(ROW()=2,Q14<>0),-COLUMN()/2-1,NA()) -> #N/A | Q14: =Schedule!L29 -> 0 | R14: =IF(OR(ROW()=2,S14<>0),-COLUMN()/2-1,NA()) -> #N/A | S14: =Schedule!M29 -> 0 | T14: =IF(OR(ROW()=2,U14<>0),-COLUMN()/2-1,NA()) -> #N/A | U14: =Schedule!N29 -> 0 | V14: =IF(OR(ROW()=2,W14<>0),-COLUMN()/2-1,NA()) -> #N/A | W14: =Schedule!O29 -> 0 | X14: =IF(OR(ROW()=2,Y14<>0),-COLUMN()/2-1,NA()) -> #N/A | Y14: =Schedule!P29 -> 0 | Z14: =IF(OR(ROW()=2,AA14<>0),-COLUMN()/2-1,NA()) -> #N/A | AA14: =Schedule!Q29 -> 0 | AB14: =IF(OR(ROW()=2,AC14<>0),-COLUMN()/2-1,NA()) -> #N/A | AC14: =Schedule!R29 -> 0 | AD14: =IF(OR(ROW()=2,AE14<>0),-COLUMN()/2-1,NA()) -> #N/A | AE14: =Schedule!S29 -> 0
A15: =IF(ISNA(Schedule!B30),NA(),Schedule!B30) -> 46539 | B15: =IF(OR(ROW()=2,C15<>0),-COLUMN()/2-1,NA()) -> #N/A | C15: =Schedule!E30 -> 0 | D15: =IF(OR(ROW()=2,E15<>0),-COLUMN()/2-1,NA()) -> #N/A | E15: =Schedule!F30 -> 0 | F15: =IF(OR(ROW()=2,G15<>0),-COLUMN()/2-1,NA()) -> -4 | G15: =Schedule!G30 -> 725 | H15: =IF(OR(ROW()=2,I15<>0),-COLUMN()/2-1,NA()) -> -5 | I15: =Schedule!H30 -> 150 | J15: =IF(OR(ROW()=2,K15<>0),-COLUMN()/2-1,NA()) -> -6 | K15: =Schedule!I30 -> 125 | L15: =IF(OR(ROW()=2,M15<>0),-COLUMN()/2-1,NA()) -> #N/A | M15: =Schedule!J30 -> 0 | N15: =IF(OR(ROW()=2,O15<>0),-COLUMN()/2-1,NA()) -> #N/A | O15: =Schedule!K30 -> 0 | P15: =IF(OR(ROW()=2,Q15<>0),-COLUMN()/2-1,NA()) -> #N/A | Q15: =Schedule!L30 -> 0 | R15: =IF(OR(ROW()=2,S15<>0),-COLUMN()/2-1,NA()) -> #N/A | S15: =Schedule!M30 -> 0 | T15: =IF(OR(ROW()=2,U15<>0),-COLUMN()/2-1,NA()) -> #N/A | U15: =Schedule!N30 -> 0 | V15: =IF(OR(ROW()=2,W15<>0),-COLUMN()/2-1,NA()) -> #N/A | W15: =Schedule!O30 -> 0 | X15: =IF(OR(ROW()=2,Y15<>0),-COLUMN()/2-1,NA()) -> #N/A | Y15: =Schedule!P30 -> 0 | Z15: =IF(OR(ROW()=2,AA15<>0),-COLUMN()/2-1,NA()) -> #N/A | AA15: =Schedule!Q30 -> 0 | AB15: =IF(OR(ROW()=2,AC15<>0),-COLUMN()/2-1,NA()) -> #N/A | AC15: =Schedule!R30 -> 0 | AD15: =IF(OR(ROW()=2,AE15<>0),-COLUMN()/2-1,NA()) -> #N/A | AE15: =Schedule!S30 -> 0
A16: =IF(ISNA(Schedule!B31),NA(),Schedule!B31) -> 46569 | B16: =IF(OR(ROW()=2,C16<>0),-COLUMN()/2-1,NA()) -> #N/A | C16: =Schedule!E31 -> 0 | D16: =IF(OR(ROW()=2,E16<>0),-COLUMN()/2-1,NA()) -> #N/A | E16: =Schedule!F31 -> 0 | F16: =IF(OR(ROW()=2,G16<>0),-COLUMN()/2-1,NA()) -> -4 | G16: =Schedule!G31 -> 330.52 | H16: =IF(OR(ROW()=2,I16<>0),-COLUMN()/2-1,NA()) -> -5 | I16: =Schedule!H31 -> 544.48 | J16: =IF(OR(ROW()=2,K16<>0),-COLUMN()/2-1,NA()) -> -6 | K16: =Schedule!I31 -> 125 | L16: =IF(OR(ROW()=2,M16<>0),-COLUMN()/2-1,NA()) -> #N/A | M16: =Schedule!J31 -> 0 | N16: =IF(OR(ROW()=2,O16<>0),-COLUMN()/2-1,NA()) -> #N/A | O16: =Schedule!K31 -> 0 | P16: =IF(OR(ROW()=2,Q16<>0),-COLUMN()/2-1,NA()) -> #N/A | Q16: =Schedule!L31 -> 0 | R16: =IF(OR(ROW()=2,S16<>0),-COLUMN()/2-1,NA()) -> #N/A | S16: =Schedule!M31 -> 0 | T16: =IF(OR(ROW()=2,U16<>0),-COLUMN()/2-1,NA()) -> #N/A | U16: =Schedule!N31 -> 0 | V16: =IF(OR(ROW()=2,W16<>0),-COLUMN()/2-1,NA()) -> #N/A | W16: =Schedule!O31 -> 0 | X16: =IF(OR(ROW()=2,Y16<>0),-COLUMN()/2-1,NA()) -> #N/A | Y16: =Schedule!P31 -> 0 | Z16: =IF(OR(ROW()=2,AA16<>0),-COLUMN()/2-1,NA()) -> #N/A | AA16: =Schedule!Q31 -> 0 | AB16: =IF(OR(ROW()=2,AC16<>0),-COLUMN()/2-1,NA()) -> #N/A | AC16: =Schedule!R31 -> 0 | AD16: =IF(OR(ROW()=2,AE16<>0),-COLUMN()/2-1,NA()) -> #N/A | AE16: =Schedule!S31 -> 0
... A365: =IF(ISNA(Schedule!B380),NA(),Schedule!B380) -> #N/A | B365: =IF(OR(ROW()=2,C365<>0),-COLUMN()/2-1,NA()) -> #N/A | C365: =Schedule!E380 -> 0 | D365: =IF(OR(ROW()=2,E365<>0),-COLUMN()/2-1,NA()) -> #N/A | E365: =Schedule!F380 -> 0 | F365: =IF(OR(ROW()=2,G365<>0),-COLUMN()/2-1,NA()) -> #N/A | G365: =Schedule!G380 -> 0 | H365: =IF(OR(ROW()=2,I365<>0),-COLUMN()/2-1,NA()) -> #N/A | I365: =Schedule!H380 -> 0 | J365: =IF(OR(ROW()=2,K365<>0),-COLUMN()/2-1,NA()) -> #N/A | K365: =Schedule!I380 -> 0 | L365: =IF(OR(ROW()=2,M365<>0),-COLUMN()/2-1,NA()) -> #N/A | M365: =Schedule!J380 -> 0 | N365: =IF(OR(ROW()=2,O365<>0),-COLUMN()/2-1,NA()) -> #N/A | O365: =Schedule!K380 -> 0 | P365: =IF(OR(ROW()=2,Q365<>0),-COLUMN()/2-1,NA()) -> #N/A | Q365: =Schedule!L380 -> 0 | R365: =IF(OR(ROW()=2,S365<>0),-COLUMN()/2-1,NA()) -> #N/A | S365: =Schedule!M380 -> 0 | T365: =IF(OR(ROW()=2,U365<>0),-COLUMN()/2-1,NA()) -> #N/A | U365: =Schedule!N380 -> 0 | V365: =IF(OR(ROW()=2,W365<>0),-COLUMN()/2-1,NA()) -> #N/A | W365: =Schedule!O380 -> 0 | X365: =IF(OR(ROW()=2,Y365<>0),-COLUMN()/2-1,NA()) -> #N/A | Y365: =Schedule!P380 -> 0 | Z365: =IF(OR(ROW()=2,AA365<>0),-COLUMN()/2-1,NA()) -> #N/A | AA365: =Schedule!Q380 -> 0 | AB365: =IF(OR(ROW()=2,AC365<>0),-COLUMN()/2-1,NA()) -> #N/A | AC365: =Schedule!R380 -> 0 | AD365: =IF(OR(ROW()=2,AE365<>0),-COLUMN()/2-1,NA()) -> #N/A | AE365: =Schedule!S380 -> 0

Sheet ©
B1: Debt Reduction Calculator | C1: #VALUE!
B3: By Vertex42.com
B4: https://www.vertex42.com/Calculators/debt-reduction-calculator.html
B6: ="© 2007-" & YEAR(TODAY()) & " Vertex42 LLC " -> © 2007-2026 Vertex42 LLC
B8: This spreadsheet, including all worksheets and associated content is a copyrighted work under the United States and other copyright laws.
B10: Do not submit copies or modifications of this template to any website or online template gallery.
B12: Please review the following license agreement to learn how you may or may not use this template. Thank you.
B14: Personal Use Only
B15: https://www.vertex42.com/licensing/EULA_personaluse.html
B17: Do not delete this worksheet

Sheet Order
A1: Order of Payments
A2: This worksheet is used to rank and order the debts according to either minimum balance or highest interest rate.
A3: The purpose for using this method is to avoid VBA macros and allow the use of the drop-down boxes for the strategy.
A5: Original List
A6: Column | B6: 1 | C6: =B6+1 -> 2 | D6: =C6+1 -> 3 | E6: =D6+1 -> 4 | F6: =E6+1 -> 5 | G6: =F6+1 -> 6 | H6: =G6+1 -> 7 | I6: =H6+1 -> 8 | J6: =I6+1 -> 9 | ... P6: =O6+1 -> 15
A7: Creditor | B7: {=TRANSPOSE(Calculator!B8:B22)} -> Card #1 | C7: Auto Loan | D7: Card #2 | E7: Card #3 | F7: Student Loan #1 | G7: 0 | H7: 0 | I7: 0 | J7: 0 | K7: 0 | L7: 0 | M7: 0 | N7: 0 | O7: 0 | P7: 0
A8: Balance | B8: {=TRANSPOSE(Calculator!D8:D22)} -> 1500 | C8: 3200 | D8: 2500 | E8: 7542 | F8: 15790 | G8: 0 | H8: 0 | I8: 0 | J8: 0 | K8: 0 | L8: 0 | M8: 0 | N8: 0 | O8: 0 | P8: 0
A9: Percent | B9: {=TRANSPOSE(Calculator!E8:E22)} -> 0.13 | C9: 0.0981 | D9: 0.12 | E9: 0.135 | F9: 0.04 | G9: 0 | H9: 0 | I9: 0 | J9: 0 | K9: 0 | L9: 0 | M9: 0 | N9: 0 | O9: 0 | P9: 0
A10: Custom | B10: {=IF(ISBLANK(TRANSPOSE(Calculator!G8:G22)),0,TRANSPOSE(Calculator!G8:G22))} -> 1 | C10: 3 | D10: 2 | E10: 4 | F10: 5 | G10: 0 | H10: 0 | I10: 0 | J10: 0 | K10: 0 | L10: 0 | M10: 0 | N10: 0 | O10: 0 | P10: 0
A11: Include | B11: =IF(AND(NOT(ISTEXT(B8)),B8>0),TRUE,FALSE) -> TRUE | C11: =IF(AND(NOT(ISTEXT(C8)),C8>0),TRUE,FALSE) -> TRUE | D11: =IF(AND(NOT(ISTEXT(D8)),D8>0),TRUE,FALSE) -> TRUE | E11: =IF(AND(NOT(ISTEXT(E8)),E8>0),TRUE,FALSE) -> TRUE | F11: =IF(AND(NOT(ISTEXT(F8)),F8>0),TRUE,FALSE) -> TRUE | G11: =IF(AND(NOT(ISTEXT(G8)),G8>0),TRUE,FALSE) -> FALSE | H11: =IF(AND(NOT(ISTEXT(H8)),H8>0),TRUE,FALSE) -> FALSE | I11: =IF(AND(NOT(ISTEXT(I8)),I8>0),TRUE,FALSE) -> FALSE | ... P11: =IF(AND(NOT(ISTEXT(P8)),P8>0),TRUE,FALSE) -> FALSE
A12: Length of Array: | B12: 20
A14: Truncated List
A15: Column | B15: =INDEX(B6:P6,1,MATCH(TRUE,B11:P11,0)) -> 1 | C15: =INDEX(OFFSET($B6,0,B15,1,$B$12-B15),1,MATCH(TRUE,OFFSET($B11,0,B15,1,$B$12-B15),0)) -> 2 | D15: =INDEX(OFFSET($B6,0,C15,1,$B$12-C15),1,MATCH(TRUE,OFFSET($B11,0,C15,1,$B$12-C15),0)) -> 3 | E15: =INDEX(OFFSET($B6,0,D15,1,$B$12-D15),1,MATCH(TRUE,OFFSET($B11,0,D15,1,$B$12-D15),0)) -> 4 | F15: =INDEX(OFFSET($B6,0,E15,1,$B$12-E15),1,MATCH(TRUE,OFFSET($B11,0,E15,1,$B$12-E15),0)) -> 5 | G15: =INDEX(OFFSET($B6,0,F15,1,$B$12-F15),1,MATCH(TRUE,OFFSET($B11,0,F15,1,$B$12-F15),0)) -> #N/A | H15: =INDEX(OFFSET($B6,0,G15,1,$B$12-G15),1,MATCH(TRUE,OFFSET($B11,0,G15,1,$B$12-G15),0)) -> #N/A | I15: =INDEX(OFFSET($B6,0,H15,1,$B$12-H15),1,MATCH(TRUE,OFFSET($B11,0,H15,1,$B$12-H15),0)) -> #N/A | J15: =INDEX(OFFSET($B6,0,I15,1,$B$12-I15),1,MATCH(TRUE,OFFSET($B11,0,I15,1,$B$12-I15),0)) -> #N/A | ... P15: =INDEX(OFFSET($B6,0,O15,1,$B$12-O15),1,MATCH(TRUE,OFFSET($B11,0,O15,1,$B$12-O15),0)) -> #N/A
A16: Creditor | B16: {=INDEX($B7:$P7,1,B$15)} -> Card #1 | C16: {=INDEX($B7:$P7,1,C$15)} -> Auto Loan | D16: {=INDEX($B7:$P7,1,D$15)} -> Card #2 | E16: {=INDEX($B7:$P7,1,E$15)} -> Card #3 | F16: {=INDEX($B7:$P7,1,F$15)} -> Student Loan #1 | G16: {=INDEX($B7:$P7,1,G$15)} -> #N/A | H16: {=INDEX($B7:$P7,1,H$15)} -> #N/A | I16: {=INDEX($B7:$P7,1,I$15)} -> #N/A | ... P16: {=INDEX($B7:$P7,1,P$15)} -> #N/A
A17: Balance | B17: {=INDEX($B8:$P8,1,B$15)} -> 1500 | C17: {=INDEX($B8:$P8,1,C$15)} -> 3200 | D17: {=INDEX($B8:$P8,1,D$15)} -> 2500 | E17: {=INDEX($B8:$P8,1,E$15)} -> 7542 | F17: {=INDEX($B8:$P8,1,F$15)} -> 15790 | G17: {=INDEX($B8:$P8,1,G$15)} -> #N/A | H17: {=INDEX($B8:$P8,1,H$15)} -> #N/A | I17: {=INDEX($B8:$P8,1,I$15)} -> #N/A | ... P17: {=INDEX($B8:$P8,1,P$15)} -> #N/A
A18: Percent | B18: {=INDEX($B9:$P9,1,B$15)} -> 0.13 | C18: {=INDEX($B9:$P9,1,C$15)} -> 0.0981 | D18: {=INDEX($B9:$P9,1,D$15)} -> 0.12 | E18: {=INDEX($B9:$P9,1,E$15)} -> 0.135 | F18: {=INDEX($B9:$P9,1,F$15)} -> 0.04 | G18: {=INDEX($B9:$P9,1,G$15)} -> #N/A | H18: {=INDEX($B9:$P9,1,H$15)} -> #N/A | I18: {=INDEX($B9:$P9,1,I$15)} -> #N/A | ... P18: {=INDEX($B9:$P9,1,P$15)} -> #N/A
A19: Custom | B19: {=INDEX($B10:$P10,1,B$15)} -> 1 | C19: {=INDEX($B10:$P10,1,C$15)} -> 3 | D19: {=INDEX($B10:$P10,1,D$15)} -> 2 | E19: {=INDEX($B10:$P10,1,E$15)} -> 4 | F19: {=INDEX($B10:$P10,1,F$15)} -> 5 | G19: {=INDEX($B10:$P10,1,G$15)} -> #N/A | H19: {=INDEX($B10:$P10,1,H$15)} -> #N/A | I19: {=INDEX($B10:$P10,1,I$15)} -> #N/A | ... P19: {=INDEX($B10:$P10,1,P$15)} -> #N/A
A20: Length of Array: | B20: =COUNTIF(B11:P11,TRUE) -> 5
A21: RANK Min Bal | B21: =IF(ISERROR(B16),$B$12+1,RANK(B17,OFFSET($B17,0,0,1,$B$20),-1)) -> 1 | C21: =IF(ISERROR(C16),$B$12+1,RANK(C17,OFFSET($B17,0,0,1,$B$20),-1)) -> 3 | D21: =IF(ISERROR(D16),$B$12+1,RANK(D17,OFFSET($B17,0,0,1,$B$20),-1)) -> 2 | E21: =IF(ISERROR(E16),$B$12+1,RANK(E17,OFFSET($B17,0,0,1,$B$20),-1)) -> 4 | F21: =IF(ISERROR(F16),$B$12+1,RANK(F17,OFFSET($B17,0,0,1,$B$20),-1)) -> 5 | G21: =IF(ISERROR(G16),$B$12+1,RANK(G17,OFFSET($B17,0,0,1,$B$20),-1)) -> 21 | H21: =IF(ISERROR(H16),$B$12+1,RANK(H17,OFFSET($B17,0,0,1,$B$20),-1)) -> 21 | I21: =IF(ISERROR(I16),$B$12+1,RANK(I17,OFFSET($B17,0,0,1,$B$20),-1)) -> 21 | ... P21: =IF(ISERROR(P16),$B$12+1,RANK(P17,OFFSET($B17,0,0,1,$B$20),-1)) -> 21
A22: RANK High Perc | B22: =IF(ISERROR(B16),$B$12+1,RANK(B18,OFFSET($B18,0,0,1,$B$20))) -> 2 | C22: =IF(ISERROR(C16),$B$12+1,RANK(C18,OFFSET($B18,0,0,1,$B$20))) -> 4 | D22: =IF(ISERROR(D16),$B$12+1,RANK(D18,OFFSET($B18,0,0,1,$B$20))) -> 3 | E22: =IF(ISERROR(E16),$B$12+1,RANK(E18,OFFSET($B18,0,0,1,$B$20))) -> 1 | F22: =IF(ISERROR(F16),$B$12+1,RANK(F18,OFFSET($B18,0,0,1,$B$20))) -> 5 | G22: =IF(ISERROR(G16),$B$12+1,RANK(G18,OFFSET($B18,0,0,1,$B$20))) -> 21 | H22: =IF(ISERROR(H16),$B$12+1,RANK(H18,OFFSET($B18,0,0,1,$B$20))) -> 21 | I22: =IF(ISERROR(I16),$B$12+1,RANK(I18,OFFSET($B18,0,0,1,$B$20))) -> 21 | ... P22: =IF(ISERROR(P16),$B$12+1,RANK(P18,OFFSET($B18,0,0,1,$B$20))) -> 21
A23: RANK Custom-Highest1st | B23: =IF(ISERROR(B16),$B$12+1,RANK(B19,OFFSET($B19,0,0,1,$B$20))) -> 5 | C23: =IF(ISERROR(C16),$B$12+1,RANK(C19,OFFSET($B19,0,0,1,$B$20))) -> 3 | D23: =IF(ISERROR(D16),$B$12+1,RANK(D19,OFFSET($B19,0,0,1,$B$20))) -> 4 | E23: =IF(ISERROR(E16),$B$12+1,RANK(E19,OFFSET($B19,0,0,1,$B$20))) -> 2 | F23: =IF(ISERROR(F16),$B$12+1,RANK(F19,OFFSET($B19,0,0,1,$B$20))) -> 1 | G23: =IF(ISERROR(G16),$B$12+1,RANK(G19,OFFSET($B19,0,0,1,$B$20))) -> 21 | H23: =IF(ISERROR(H16),$B$12+1,RANK(H19,OFFSET($B19,0,0,1,$B$20))) -> 21 | I23: =IF(ISERROR(I16),$B$12+1,RANK(I19,OFFSET($B19,0,0,1,$B$20))) -> 21 | ... P23: =IF(ISERROR(P16),$B$12+1,RANK(P19,OFFSET($B19,0,0,1,$B$20))) -> 21
A24: RANK Custom-Lowest1st | B24: =IF(ISERROR(B16),$B$12+1,RANK(B19,OFFSET($B19,0,0,1,$B$20),-1)) -> 1 | C24: =IF(ISERROR(C16),$B$12+1,RANK(C19,OFFSET($B19,0,0,1,$B$20),-1)) -> 3 | D24: =IF(ISERROR(D16),$B$12+1,RANK(D19,OFFSET($B19,0,0,1,$B$20),-1)) -> 2 | E24: =IF(ISERROR(E16),$B$12+1,RANK(E19,OFFSET($B19,0,0,1,$B$20),-1)) -> 4 | F24: =IF(ISERROR(F16),$B$12+1,RANK(F19,OFFSET($B19,0,0,1,$B$20),-1)) -> 5 | G24: =IF(ISERROR(G16),$B$12+1,RANK(G19,OFFSET($B19,0,0,1,$B$20),-1)) -> 21 | H24: =IF(ISERROR(H16),$B$12+1,RANK(H19,OFFSET($B19,0,0,1,$B$20),-1)) -> 21 | I24: =IF(ISERROR(I16),$B$12+1,RANK(I19,OFFSET($B19,0,0,1,$B$20),-1)) -> 21 | ... P24: =IF(ISERROR(P16),$B$12+1,RANK(P19,OFFSET($B19,0,0,1,$B$20),-1)) -> 21
A26: Minimum BALANCE First
A27: Order | B27: 1 | C27: =B27+1 -> 2 | D27: =C27+1 -> 3 | E27: =D27+1 -> 4 | F27: =E27+1 -> 5 | G27: =F27+1 -> 6 | H27: =G27+1 -> 7 | I27: =H27+1 -> 8 | J27: =I27+1 -> 9 | ... P27: =O27+1 -> 15
A28: Column | B28: =MATCH(B27,$B$21:$P$21,0) -> 1 | C28: =MATCH(C27,$B$21:$P$21,0) -> 3 | D28: =MATCH(D27,$B$21:$P$21,0) -> 2 | E28: =MATCH(E27,$B$21:$P$21,0) -> 4 | F28: =MATCH(F27,$B$21:$P$21,0) -> 5 | G28: =MATCH(G27,$B$21:$P$21,0) -> #N/A | H28: =MATCH(H27,$B$21:$P$21,0) -> #N/A | I28: =MATCH(I27,$B$21:$P$21,0) -> #N/A | ... P28: =MATCH(P27,$B$21:$P$21,0) -> #N/A
A29: Rank | B29: =IF(ISERROR(B$16),$B$12+1,IF(NOT(ISERROR(B28)),B27,A29)) -> 1 | C29: =IF(ISERROR(C$16),$B$12+1,IF(NOT(ISERROR(C28)),C27,B29)) -> 2 | D29: =IF(ISERROR(D$16),$B$12+1,IF(NOT(ISERROR(D28)),D27,C29)) -> 3 | E29: =IF(ISERROR(E$16),$B$12+1,IF(NOT(ISERROR(E28)),E27,D29)) -> 4 | F29: =IF(ISERROR(F$16),$B$12+1,IF(NOT(ISERROR(F28)),F27,E29)) -> 5 | G29: =IF(ISERROR(G$16),$B$12+1,IF(NOT(ISERROR(G28)),G27,F29)) -> 21 | H29: =IF(ISERROR(H$16),$B$12+1,IF(NOT(ISERROR(H28)),H27,G29)) -> 21 | I29: =IF(ISERROR(I$16),$B$12+1,IF(NOT(ISERROR(I28)),I27,H29)) -> 21 | ... P29: =IF(ISERROR(P$16),$B$12+1,IF(NOT(ISERROR(P28)),P27,O29)) -> 21
A30: Sorted Trunc Columns: | B30: =B28 -> 1 | C30: =IF(NOT(ISERROR(C28)),C28,INDEX(OFFSET($B27,0,B30,1,COUNTA($B$7:$P$7)-B30),1,MATCH(C29,OFFSET($B21,0,B30,1,COUNTA($B$7:$P$7)-B30),0))) -> 3 | D30: =IF(NOT(ISERROR(D28)),D28,INDEX(OFFSET($B27,0,C30,1,COUNTA($B$7:$P$7)-C30),1,MATCH(D29,OFFSET($B21,0,C30,1,COUNTA($B$7:$P$7)-C30),0))) -> 2 | E30: =IF(NOT(ISERROR(E28)),E28,INDEX(OFFSET($B27,0,D30,1,COUNTA($B$7:$P$7)-D30),1,MATCH(E29,OFFSET($B21,0,D30,1,COUNTA($B$7:$P$7)-D30),0))) -> 4 | F30: =IF(NOT(ISERROR(F28)),F28,INDEX(OFFSET($B27,0,E30,1,COUNTA($B$7:$P$7)-E30),1,MATCH(F29,OFFSET($B21,0,E30,1,COUNTA($B$7:$P$7)-E30),0))) -> 5 | G30: =IF(NOT(ISERROR(G28)),G28,INDEX(OFFSET($B27,0,F30,1,COUNTA($B$7:$P$7)-F30),1,MATCH(G29,OFFSET($B21,0,F30,1,COUNTA($B$7:$P$7)-F30),0))) -> 6 | H30: =IF(NOT(ISERROR(H28)),H28,INDEX(OFFSET($B27,0,G30,1,COUNTA($B$7:$P$7)-G30),1,MATCH(H29,OFFSET($B21,0,G30,1,COUNTA($B$7:$P$7)-G30),0))) -> 7 | I30: =IF(NOT(ISERROR(I28)),I28,INDEX(OFFSET($B27,0,H30,1,COUNTA($B$7:$P$7)-H30),1,MATCH(I29,OFFSET($B21,0,H30,1,COUNTA($B$7:$P$7)-H30),0))) -> 8 | J30: =IF(NOT(ISERROR(J28)),J28,INDEX(OFFSET($B27,0,I30,1,COUNTA($B$7:$P$7)-I30),1,MATCH(J29,OFFSET($B21,0,I30,1,COUNTA($B$7:$P$7)-I30),0))) -> 9 | ... P30: =IF(NOT(ISERROR(P28)),P28,INDEX(OFFSET($B27,0,O30,1,COUNTA($B$7:$P$7)-O30),1,MATCH(P29,OFFSET($B21,0,O30,1,COUNTA($B$7:$P$7)-O30),0))) -> 15
A31: Sorted Orig Columns: | B31: {=INDEX($B$6:$P$6,1,INDEX($B$15:$P$15,1,B30))} -> 1 | C31: {=INDEX($B$6:$P$6,1,INDEX($B$15:$P$15,1,C30))} -> 3 | D31: {=INDEX($B$6:$P$6,1,INDEX($B$15:$P$15,1,D30))} -> 2 | E31: {=INDEX($B$6:$P$6,1,INDEX($B$15:$P$15,1,E30))} -> 4 | F31: {=INDEX($B$6:$P$6,1,INDEX($B$15:$P$15,1,F30))} -> 5 | G31: {=INDEX($B$6:$P$6,1,INDEX($B$15:$P$15,1,G30))} -> #N/A | H31: {=INDEX($B$6:$P$6,1,INDEX($B$15:$P$15,1,H30))} -> #N/A | I31: {=INDEX($B$6:$P$6,1,INDEX($B$15:$P$15,1,I30))} -> #N/A | ... P31: {=INDEX($B$6:$P$6,1,INDEX($B$15:$P$15,1,P30))} -> #N/A
A32: Sorted Ranks | B32: {=INDEX($B$21:$P$21,1,B30)} -> 1 | C32: {=INDEX($B$21:$P$21,1,C30)} -> 2 | D32: {=INDEX($B$21:$P$21,1,D30)} -> 3 | E32: {=INDEX($B$21:$P$21,1,E30)} -> 4 | F32: {=INDEX($B$21:$P$21,1,F30)} -> 5 | G32: {=INDEX($B$21:$P$21,1,G30)} -> 21 | H32: {=INDEX($B$21:$P$21,1,H30)} -> 21 | I32: {=INDEX($B$21:$P$21,1,I30)} -> 21 | ... P32: {=INDEX($B$21:$P$21,1,P30)} -> 21
A33: # of Same Rank | B33: =COUNTIF($B$32:$P$32,B32) -> 1 | C33: =COUNTIF($B$32:$P$32,C32) -> 1 | D33: =COUNTIF($B$32:$P$32,D32) -> 1 | E33: =COUNTIF($B$32:$P$32,E32) -> 1 | F33: =COUNTIF($B$32:$P$32,F32) -> 1 | G33: =COUNTIF($B$32:$P$32,G32) -> 10 | H33: =COUNTIF($B$32:$P$32,H32) -> 10 | I33: =COUNTIF($B$32:$P$32,I32) -> 10 | ... P33: =COUNTIF($B$32:$P$32,P32) -> 10
A34: First | B34: =IF(A32=B32,"dup",B32) -> 1 | C34: =IF(B32=C32,"dup",C32) -> 2 | D34: =IF(C32=D32,"dup",D32) -> 3 | E34: =IF(D32=E32,"dup",E32) -> 4 | F34: =IF(E32=F32,"dup",F32) -> 5 | G34: =IF(F32=G32,"dup",G32) -> 21 | H34: =IF(G32=H32,"dup",H32) -> dup | I34: =IF(H32=I32,"dup",I32) -> dup | ... P34: =IF(O32=P32,"dup",P32) -> dup
A35: Position of First | B35: =IF(B34<>"dup",0,A35-1) -> 0 | C35: =IF(C34<>"dup",0,B35-1) -> 0 | D35: =IF(D34<>"dup",0,C35-1) -> 0 | E35: =IF(E34<>"dup",0,D35-1) -> 0 | F35: =IF(F34<>"dup",0,E35-1) -> 0 | G35: =IF(G34<>"dup",0,F35-1) -> 0 | H35: =IF(H34<>"dup",0,G35-1) -> -1 | I35: =IF(I34<>"dup",0,H35-1) -> -2 | ... P35: =IF(P34<>"dup",0,O35-1) -> -9
A36: Percent | B36: {=INDEX($B$9:$P$9,1,B30)} -> 0.13 | C36: {=INDEX($B$9:$P$9,1,C30)} -> 0.12 | D36: {=INDEX($B$9:$P$9,1,D30)} -> 0.0981 | E36: {=INDEX($B$9:$P$9,1,E30)} -> 0.135 | F36: {=INDEX($B$9:$P$9,1,F30)} -> 0.04 | G36: {=INDEX($B$9:$P$9,1,G30)} -> 0 | H36: {=INDEX($B$9:$P$9,1,H30)} -> 0 | I36: {=INDEX($B$9:$P$9,1,I30)} -> 0 | ... P36: {=INDEX($B$9:$P$9,1,P30)} -> 0
A37: Relative %Rank | B37: =IF(B33=1,1,RANK(B36,OFFSET(OFFSET(B36,0,B35,1,1),0,0,1,B33))) -> 1 | C37: =IF(C33=1,1,RANK(C36,OFFSET(OFFSET(C36,0,C35,1,1),0,0,1,C33))) -> 1 | D37: =IF(D33=1,1,RANK(D36,OFFSET(OFFSET(D36,0,D35,1,1),0,0,1,D33))) -> 1 | E37: =IF(E33=1,1,RANK(E36,OFFSET(OFFSET(E36,0,E35,1,1),0,0,1,E33))) -> 1 | F37: =IF(F33=1,1,RANK(F36,OFFSET(OFFSET(F36,0,F35,1,1),0,0,1,F33))) -> 1 | G37: =IF(G33=1,1,RANK(G36,OFFSET(OFFSET(G36,0,G35,1,1),0,0,1,G33))) -> 1 | H37: =IF(H33=1,1,RANK(H36,OFFSET(OFFSET(H36,0,H35,1,1),0,0,1,H33))) -> 1 | I37: =IF(I33=1,1,RANK(I36,OFFSET(OFFSET(I36,0,I35,1,1),0,0,1,I33))) -> 1 | ... P37: =IF(P33=1,1,RANK(P36,OFFSET(OFFSET(P36,0,P35,1,1),0,0,1,P33))) -> 1
A38: Relative Sorted Column | B38: =IF(B34<>"dup",MATCH(1,OFFSET(OFFSET(B37,0,B35,1,1),0,0,1,B33),0)) -> 1 | C38: =IF(C34<>"dup",MATCH(1,OFFSET(OFFSET(C37,0,C35,1,1),0,0,1,C33),0)) -> 1 | D38: =IF(D34<>"dup",MATCH(1,OFFSET(OFFSET(D37,0,D35,1,1),0,0,1,D33),0)) -> 1 | E38: =IF(E34<>"dup",MATCH(1,OFFSET(OFFSET(E37,0,E35,1,1),0,0,1,E33),0)) -> 1 | F38: =IF(F34<>"dup",MATCH(1,OFFSET(OFFSET(F37,0,F35,1,1),0,0,1,F33),0)) -> 1 | G38: =IF(G34<>"dup",MATCH(1,OFFSET(OFFSET(G37,0,G35,1,1),0,0,1,G33),0)) -> 1 | H38: =IF(H34<>"dup",MATCH(1,OFFSET(OFFSET(H37,0,H35,1,1),0,0,1,H33),0)) -> FALSE | I38: =IF(I34<>"dup",MATCH(1,OFFSET(OFFSET(I37,0,I35,1,1),0,0,1,I33),0)) -> FALSE | ... P38: =IF(P34<>"dup",MATCH(1,OFFSET(OFFSET(P37,0,P35,1,1),0,0,1,P33),0)) -> FALSE
A41: Highest INTEREST First
A42: Order | B42: 1 | C42: =B42+1 -> 2 | D42: =C42+1 -> 3 | E42: =D42+1 -> 4 | F42: =E42+1 -> 5 | G42: =F42+1 -> 6 | H42: =G42+1 -> 7 | I42: =H42+1 -> 8 | J42: =I42+1 -> 9 | ... P42: =O42+1 -> 15
A43: Column Index | B43: =MATCH(B42,$B$22:$P$22,0) -> 4 | C43: =MATCH(C42,$B$22:$P$22,0) -> 1 | D43: =MATCH(D42,$B$22:$P$22,0) -> 3 | E43: =MATCH(E42,$B$22:$P$22,0) -> 2 | F43: =MATCH(F42,$B$22:$P$22,0) -> 5 | G43: =MATCH(G42,$B$22:$P$22,0) -> #N/A | H43: =MATCH(H42,$B$22:$P$22,0) -> #N/A | I43: =MATCH(I42,$B$22:$P$22,0) -> #N/A | ... P43: =MATCH(P42,$B$22:$P$22,0) -> #N/A
A44: Rank | B44: =IF(ISERROR(B$16),$B$12+1,IF(NOT(ISERROR(B43)),B42,A44)) -> 1 | C44: =IF(ISERROR(C$16),$B$12+1,IF(NOT(ISERROR(C43)),C42,B44)) -> 2 | D44: =IF(ISERROR(D$16),$B$12+1,IF(NOT(ISERROR(D43)),D42,C44)) -> 3 | E44: =IF(ISERROR(E$16),$B$12+1,IF(NOT(ISERROR(E43)),E42,D44)) -> 4 | F44: =IF(ISERROR(F$16),$B$12+1,IF(NOT(ISERROR(F43)),F42,E44)) -> 5 | G44: =IF(ISERROR(G$16),$B$12+1,IF(NOT(ISERROR(G43)),G42,F44)) -> 21 | H44: =IF(ISERROR(H$16),$B$12+1,IF(NOT(ISERROR(H43)),H42,G44)) -> 21 | I44: =IF(ISERROR(I$16),$B$12+1,IF(NOT(ISERROR(I43)),I42,H44)) -> 21 | ... P44: =IF(ISERROR(P$16),$B$12+1,IF(NOT(ISERROR(P43)),P42,O44)) -> 21
A45: Sorted Trunc Columns: | B45: =B43 -> 4 | C45: =IF(NOT(ISERROR(C43)),C43,INDEX(OFFSET($B42,0,B45,1,COUNTA($B$7:$P$7)-B45),1,MATCH(C44,OFFSET($B22,0,B45,1,COUNTA($B$7:$P$7)-B45),0))) -> 1 | D45: =IF(NOT(ISERROR(D43)),D43,INDEX(OFFSET($B42,0,C45,1,COUNTA($B$7:$P$7)-C45),1,MATCH(D44,OFFSET($B22,0,C45,1,COUNTA($B$7:$P$7)-C45),0))) -> 3 | E45: =IF(NOT(ISERROR(E43)),E43,INDEX(OFFSET($B42,0,D45,1,COUNTA($B$7:$P$7)-D45),1,MATCH(E44,OFFSET($B22,0,D45,1,COUNTA($B$7:$P$7)-D45),0))) -> 2 | F45: =IF(NOT(ISERROR(F43)),F43,INDEX(OFFSET($B42,0,E45,1,COUNTA($B$7:$P$7)-E45),1,MATCH(F44,OFFSET($B22,0,E45,1,COUNTA($B$7:$P$7)-E45),0))) -> 5 | G45: =IF(NOT(ISERROR(G43)),G43,INDEX(OFFSET($B42,0,F45,1,COUNTA($B$7:$P$7)-F45),1,MATCH(G44,OFFSET($B22,0,F45,1,COUNTA($B$7:$P$7)-F45),0))) -> 6 | H45: =IF(NOT(ISERROR(H43)),H43,INDEX(OFFSET($B42,0,G45,1,COUNTA($B$7:$P$7)-G45),1,MATCH(H44,OFFSET($B22,0,G45,1,COUNTA($B$7:$P$7)-G45),0))) -> 7 | I45: =IF(NOT(ISERROR(I43)),I43,INDEX(OFFSET($B42,0,H45,1,COUNTA($B$7:$P$7)-H45),1,MATCH(I44,OFFSET($B22,0,H45,1,COUNTA($B$7:$P$7)-H45),0))) -> 8 | J45: =IF(NOT(ISERROR(J43)),J43,INDEX(OFFSET($B42,0,I45,1,COUNTA($B$7:$P$7)-I45),1,MATCH(J44,OFFSET($B22,0,I45,1,COUNTA($B$7:$P$7)-I45),0))) -> 9 | ... P45: =IF(NOT(ISERROR(P43)),P43,INDEX(OFFSET($B42,0,O45,1,COUNTA($B$7:$P$7)-O45),1,MATCH(P44,OFFSET($B22,0,O45,1,COUNTA($B$7:$P$7)-O45),0))) -> 15
A46: Sorted Orig Columns: | B46: {=INDEX($B$6:$P$6,1,INDEX($B$15:$P$15,1,B45))} -> 4 | C46: {=INDEX($B$6:$P$6,1,INDEX($B$15:$P$15,1,C45))} -> 1 | D46: {=INDEX($B$6:$P$6,1,INDEX($B$15:$P$15,1,D45))} -> 3 | E46: {=INDEX($B$6:$P$6,1,INDEX($B$15:$P$15,1,E45))} -> 2 | F46: {=INDEX($B$6:$P$6,1,INDEX($B$15:$P$15,1,F45))} -> 5 | G46: {=INDEX($B$6:$P$6,1,INDEX($B$15:$P$15,1,G45))} -> #N/A | H46: {=INDEX($B$6:$P$6,1,INDEX($B$15:$P$15,1,H45))} -> #N/A | I46: {=INDEX($B$6:$P$6,1,INDEX($B$15:$P$15,1,I45))} -> #N/A | ... P46: {=INDEX($B$6:$P$6,1,INDEX($B$15:$P$15,1,P45))} -> #N/A
A49: Custom - Highest First
A50: Order | B50: 1 | C50: =B50+1 -> 2 | D50: =C50+1 -> 3 | E50: =D50+1 -> 4 | F50: =E50+1 -> 5 | G50: =F50+1 -> 6 | H50: =G50+1 -> 7 | I50: =H50+1 -> 8 | J50: =I50+1 -> 9 | ... P50: =O50+1 -> 15
A51: Column Index | B51: =MATCH(B50,$B$23:$P$23,0) -> 5 | C51: =MATCH(C50,$B$23:$P$23,0) -> 4 | D51: =MATCH(D50,$B$23:$P$23,0) -> 2 | E51: =MATCH(E50,$B$23:$P$23,0) -> 3 | F51: =MATCH(F50,$B$23:$P$23,0) -> 1 | G51: =MATCH(G50,$B$23:$P$23,0) -> #N/A | H51: =MATCH(H50,$B$23:$P$23,0) -> #N/A | I51: =MATCH(I50,$B$23:$P$23,0) -> #N/A | ... P51: =MATCH(P50,$B$23:$P$23,0) -> #N/A
A52: Rank | B52: =IF(ISERROR(B$16),$B$12+1,IF(NOT(ISERROR(B51)),B50,A52)) -> 1 | C52: =IF(ISERROR(C$16),$B$12+1,IF(NOT(ISERROR(C51)),C50,B52)) -> 2 | D52: =IF(ISERROR(D$16),$B$12+1,IF(NOT(ISERROR(D51)),D50,C52)) -> 3 | E52: =IF(ISERROR(E$16),$B$12+1,IF(NOT(ISERROR(E51)),E50,D52)) -> 4 | F52: =IF(ISERROR(F$16),$B$12+1,IF(NOT(ISERROR(F51)),F50,E52)) -> 5 | G52: =IF(ISERROR(G$16),$B$12+1,IF(NOT(ISERROR(G51)),G50,F52)) -> 21 | H52: =IF(ISERROR(H$16),$B$12+1,IF(NOT(ISERROR(H51)),H50,G52)) -> 21 | I52: =IF(ISERROR(I$16),$B$12+1,IF(NOT(ISERROR(I51)),I50,H52)) -> 21 | ... P52: =IF(ISERROR(P$16),$B$12+1,IF(NOT(ISERROR(P51)),P50,O52)) -> 21
A53: Sorted Trunc Columns: | B53: =B51 -> 5 | C53: =IF(NOT(ISERROR(C51)),C51,INDEX(OFFSET($B50,0,B53,1,COUNTA($B$7:$P$7)-B53),1,MATCH(C52,OFFSET($B23,0,B53,1,COUNTA($B$7:$P$7)-B53),0))) -> 4 | D53: =IF(NOT(ISERROR(D51)),D51,INDEX(OFFSET($B50,0,C53,1,COUNTA($B$7:$P$7)-C53),1,MATCH(D52,OFFSET($B23,0,C53,1,COUNTA($B$7:$P$7)-C53),0))) -> 2 | E53: =IF(NOT(ISERROR(E51)),E51,INDEX(OFFSET($B50,0,D53,1,COUNTA($B$7:$P$7)-D53),1,MATCH(E52,OFFSET($B23,0,D53,1,COUNTA($B$7:$P$7)-D53),0))) -> 3 | F53: =IF(NOT(ISERROR(F51)),F51,INDEX(OFFSET($B50,0,E53,1,COUNTA($B$7:$P$7)-E53),1,MATCH(F52,OFFSET($B23,0,E53,1,COUNTA($B$7:$P$7)-E53),0))) -> 1 | G53: =IF(NOT(ISERROR(G51)),G51,INDEX(OFFSET($B50,0,F53,1,COUNTA($B$7:$P$7)-F53),1,MATCH(G52,OFFSET($B23,0,F53,1,COUNTA($B$7:$P$7)-F53),0))) -> 6 | H53: =IF(NOT(ISERROR(H51)),H51,INDEX(OFFSET($B50,0,G53,1,COUNTA($B$7:$P$7)-G53),1,MATCH(H52,OFFSET($B23,0,G53,1,COUNTA($B$7:$P$7)-G53),0))) -> 7 | I53: =IF(NOT(ISERROR(I51)),I51,INDEX(OFFSET($B50,0,H53,1,COUNTA($B$7:$P$7)-H53),1,MATCH(I52,OFFSET($B23,0,H53,1,COUNTA($B$7:$P$7)-H53),0))) -> 8 | J53: =IF(NOT(ISERROR(J51)),J51,INDEX(OFFSET($B50,0,I53,1,COUNTA($B$7:$P$7)-I53),1,MATCH(J52,OFFSET($B23,0,I53,1,COUNTA($B$7:$P$7)-I53),0))) -> 9 | ... P53: =IF(NOT(ISERROR(P51)),P51,INDEX(OFFSET($B50,0,O53,1,COUNTA($B$7:$P$7)-O53),1,MATCH(P52,OFFSET($B23,0,O53,1,COUNTA($B$7:$P$7)-O53),0))) -> 15
A54: Sorted Orig Columns: | B54: {=INDEX($B$6:$P$6,1,INDEX($B$15:$P$15,1,B53))} -> 5 | C54: {=INDEX($B$6:$P$6,1,INDEX($B$15:$P$15,1,C53))} -> 4 | D54: {=INDEX($B$6:$P$6,1,INDEX($B$15:$P$15,1,D53))} -> 2 | E54: {=INDEX($B$6:$P$6,1,INDEX($B$15:$P$15,1,E53))} -> 3 | F54: {=INDEX($B$6:$P$6,1,INDEX($B$15:$P$15,1,F53))} -> 1 | G54: {=INDEX($B$6:$P$6,1,INDEX($B$15:$P$15,1,G53))} -> #N/A | H54: {=INDEX($B$6:$P$6,1,INDEX($B$15:$P$15,1,H53))} -> #N/A | I54: {=INDEX($B$6:$P$6,1,INDEX($B$15:$P$15,1,I53))} -> #N/A | ... P54: {=INDEX($B$6:$P$6,1,INDEX($B$15:$P$15,1,P53))} -> #N/A
A56: Custom - Lowest First
A57: Order | B57: 1 | C57: =B57+1 -> 2 | D57: =C57+1 -> 3 | E57: =D57+1 -> 4 | F57: =E57+1 -> 5 | G57: =F57+1 -> 6 | H57: =G57+1 -> 7 | I57: =H57+1 -> 8 | J57: =I57+1 -> 9 | ... P57: =O57+1 -> 15
A58: Column Index | B58: =MATCH(B57,$B$24:$P$24,0) -> 1 | C58: =MATCH(C57,$B$24:$P$24,0) -> 3 | D58: =MATCH(D57,$B$24:$P$24,0) -> 2 | E58: =MATCH(E57,$B$24:$P$24,0) -> 4 | F58: =MATCH(F57,$B$24:$P$24,0) -> 5 | G58: =MATCH(G57,$B$24:$P$24,0) -> #N/A | H58: =MATCH(H57,$B$24:$P$24,0) -> #N/A | I58: =MATCH(I57,$B$24:$P$24,0) -> #N/A | ... P58: =MATCH(P57,$B$24:$P$24,0) -> #N/A
A59: Rank | B59: =IF(ISERROR(B$16),$B$12+1,IF(NOT(ISERROR(B58)),B57,A59)) -> 1 | C59: =IF(ISERROR(C$16),$B$12+1,IF(NOT(ISERROR(C58)),C57,B59)) -> 2 | D59: =IF(ISERROR(D$16),$B$12+1,IF(NOT(ISERROR(D58)),D57,C59)) -> 3 | E59: =IF(ISERROR(E$16),$B$12+1,IF(NOT(ISERROR(E58)),E57,D59)) -> 4 | F59: =IF(ISERROR(F$16),$B$12+1,IF(NOT(ISERROR(F58)),F57,E59)) -> 5 | G59: =IF(ISERROR(G$16),$B$12+1,IF(NOT(ISERROR(G58)),G57,F59)) -> 21 | H59: =IF(ISERROR(H$16),$B$12+1,IF(NOT(ISERROR(H58)),H57,G59)) -> 21 | I59: =IF(ISERROR(I$16),$B$12+1,IF(NOT(ISERROR(I58)),I57,H59)) -> 21 | ... P59: =IF(ISERROR(P$16),$B$12+1,IF(NOT(ISERROR(P58)),P57,O59)) -> 21
A60: Sorted Trunc Columns: | B60: =B58 -> 1 | C60: =IF(NOT(ISERROR(C58)),C58,INDEX(OFFSET($B57,0,B60,1,COUNTA($B$7:$P$7)-B60),1,MATCH(C59,OFFSET($B24,0,B60,1,COUNTA($B$7:$P$7)-B60),0))) -> 3 | D60: =IF(NOT(ISERROR(D58)),D58,INDEX(OFFSET($B57,0,C60,1,COUNTA($B$7:$P$7)-C60),1,MATCH(D59,OFFSET($B24,0,C60,1,COUNTA($B$7:$P$7)-C60),0))) -> 2 | E60: =IF(NOT(ISERROR(E58)),E58,INDEX(OFFSET($B57,0,D60,1,COUNTA($B$7:$P$7)-D60),1,MATCH(E59,OFFSET($B24,0,D60,1,COUNTA($B$7:$P$7)-D60),0))) -> 4 | F60: =IF(NOT(ISERROR(F58)),F58,INDEX(OFFSET($B57,0,E60,1,COUNTA($B$7:$P$7)-E60),1,MATCH(F59,OFFSET($B24,0,E60,1,COUNTA($B$7:$P$7)-E60),0))) -> 5 | G60: =IF(NOT(ISERROR(G58)),G58,INDEX(OFFSET($B57,0,F60,1,COUNTA($B$7:$P$7)-F60),1,MATCH(G59,OFFSET($B24,0,F60,1,COUNTA($B$7:$P$7)-F60),0))) -> 6 | H60: =IF(NOT(ISERROR(H58)),H58,INDEX(OFFSET($B57,0,G60,1,COUNTA($B$7:$P$7)-G60),1,MATCH(H59,OFFSET($B24,0,G60,1,COUNTA($B$7:$P$7)-G60),0))) -> 7 | I60: =IF(NOT(ISERROR(I58)),I58,INDEX(OFFSET($B57,0,H60,1,COUNTA($B$7:$P$7)-H60),1,MATCH(I59,OFFSET($B24,0,H60,1,COUNTA($B$7:$P$7)-H60),0))) -> 8 | J60: =IF(NOT(ISERROR(J58)),J58,INDEX(OFFSET($B57,0,I60,1,COUNTA($B$7:$P$7)-I60),1,MATCH(J59,OFFSET($B24,0,I60,1,COUNTA($B$7:$P$7)-I60),0))) -> 9 | ... P60: =IF(NOT(ISERROR(P58)),P58,INDEX(OFFSET($B57,0,O60,1,COUNTA($B$7:$P$7)-O60),1,MATCH(P59,OFFSET($B24,0,O60,1,COUNTA($B$7:$P$7)-O60),0))) -> 15
A61: Sorted Orig Columns: | B61: {=INDEX($B$6:$P$6,1,INDEX($B$15:$P$15,1,B60))} -> 1 | C61: {=INDEX($B$6:$P$6,1,INDEX($B$15:$P$15,1,C60))} -> 3 | D61: {=INDEX($B$6:$P$6,1,INDEX($B$15:$P$15,1,D60))} -> 2 | E61: {=INDEX($B$6:$P$6,1,INDEX($B$15:$P$15,1,E60))} -> 4 | F61: {=INDEX($B$6:$P$6,1,INDEX($B$15:$P$15,1,F60))} -> 5 | G61: {=INDEX($B$6:$P$6,1,INDEX($B$15:$P$15,1,G60))} -> #N/A | H61: {=INDEX($B$6:$P$6,1,INDEX($B$15:$P$15,1,H60))} -> #N/A | I61: {=INDEX($B$6:$P$6,1,INDEX($B$15:$P$15,1,I60))} -> #N/A | ... P61: {=INDEX($B$6:$P$6,1,INDEX($B$15:$P$15,1,P60))} -> #N/A
A66: Sorted Columns: | B66: =IF(strategy=1,B31,IF(strategy=2,B46,IF(strategy=5,B54,IF(strategy=6,B61,B15)))) -> 1 | C66: =IF(strategy=1,C31,IF(strategy=2,C46,IF(strategy=5,C54,IF(strategy=6,C61,C15)))) -> 3 | D66: =IF(strategy=1,D31,IF(strategy=2,D46,IF(strategy=5,D54,IF(strategy=6,D61,D15)))) -> 2 | E66: =IF(strategy=1,E31,IF(strategy=2,E46,IF(strategy=5,E54,IF(strategy=6,E61,E15)))) -> 4 | F66: =IF(strategy=1,F31,IF(strategy=2,F46,IF(strategy=5,F54,IF(strategy=6,F61,F15)))) -> 5 | G66: =IF(strategy=1,G31,IF(strategy=2,G46,IF(strategy=5,G54,IF(strategy=6,G61,G15)))) -> #N/A | H66: =IF(strategy=1,H31,IF(strategy=2,H46,IF(strategy=5,H54,IF(strategy=6,H61,H15)))) -> #N/A | I66: =IF(strategy=1,I31,IF(strategy=2,I46,IF(strategy=5,I54,IF(strategy=6,I61,I15)))) -> #N/A | ... P66: =IF(strategy=1,P31,IF(strategy=2,P46,IF(strategy=5,P54,IF(strategy=6,P61,P15)))) -> #N/A
